Workbook

Sheet Sommaire
B7: QUESTIONNAIRE SUR LES MÉCANISMES EN PLACE POUR RENFORCER LA COHÉRENCE DES POLITIQUES DE DÉVELOPPEMENT DURABLE
B8: Pour appuyer le processus de rapport sur l’indicateur des ODD 17.14.1
B10: Date limite de retour du questionnaire :
B12: Pour toute question, veuillez nous contacter à l’adresse électronique suivante : | D12: UNEP: | E12: unep-oos-sdgs@un.org
D13: OCDE: | E13: pcsd.contact@oecd.org
B15: SOMMAIRE
B17: Feuille | C17: Titre | E17: Statut
B18: Sommaire | C18: Table des matières | E18: Pour information
B19: Introduction | C19: Introduction, méthodologie, étapes à suivre | E19: Pour Information
B20: Glossaire | C20: Glossaire des termes | E20: Pour information
B21: Tableau P1 | C21: Mesurer la cohérence des politiques | E21: À remplir
B22: Notation | C22: Notation avec analyse détaillée par question et niveau de mise en œuvre, accompagnée d'exemples | E22: Pour information
B23: Tableau P2 | C23: Fiche d'information complémentaire | E23: À remplir

Sheet Introduction
B2: INTRODUCTION
B4: La collecte de données est organisée conjointement par le Programme des Nations Unies pour l’environnement (PNUE) et l’Organisation de coopération et de développement économiques (OCDE), afin d’appuyer le processus de rapport sur l’indicateur : Nombre de pays ayant mis en place des mécanismes pour renforcer la cohérence des politiques de développement durable. Les données seront analysées par le PNUE et l’OCDE aux fins des travaux internationaux, et mises à la disposition des utilisateurs du monde entier.
B5: Le questionnaire est directement adressé aux pays, à l’attention du point focal désigné ou, en l’absence de désignation, du point focal ODD. Étant donné que les informations demandées dans ce questionnaire peuvent provenir de plusieurs entités nationales, il est demandé au point focal de collaborer étroitement avec les parties prenantes concernées et de rassembler les informations issues de ces différentes sources dans un seul questionnaire, à retourner à l’organisation internationale émettrice, comme indiqué dans la lettre d’accompagnement.
B7: MÉTHODOLOGIE
B9: Les mécanismes visant à renforcer la cohérence des politiques peuvent varier considérablement d’un pays à l’autre et prendre des formes diverses. Toutefois, sur la base des pratiques existantes, il est possible d’identifier un ensemble de mécanismes susceptibles de renforcer la cohérence des politiques au service du développement durable. La présence, dans un pays donné, d’une combinaison de ces mécanismes témoignerait ainsi de progrès accomplis vers la réalisation de l’indicateur des ODD 17.14.1.
B10: La cohérence des politiques au service du développement durable (CPDD) est une approche visant à intégrer les dimensions du développement durable dans l’ensemble de l’élaboration des politiques aux niveaux national, international et systémique. Dans le contexte du Programme 2030, elle a pour objectif de promouvoir la mise en œuvre intégrée de ce programme en : (i) favorisant les synergies et en maximisant les retombées positives entre les domaines de politique économique, sociale et environnementale ainsi que les cadres institutionnels correspondants ; (ii) conciliant les objectifs de politique nationale et les cadres institutionnels avec les objectifs de développement durable reconnus à l’échelle internationale et d’autres accords ou cadres internationaux ; et (iii) tenant compte des incidences transnationales et des conséquences à long terme des politiques, notamment celles susceptibles d’affecter les pays en développement.
B11: Le PNUE et l’OCDE ont élaboré un cadre d’indicateurs composites pour l’ODD 17.14.1, fondé sur une recherche initiale portant sur les travaux existants, la littérature, les partenaires et les indicateurs déjà disponibles sur des thématiques similaires. Cet indicateur prend en compte les mécanismes institutionnels et organisationnels pouvant soutenir les efforts visant à renforcer la cohérence des politiques au service du développement durable (CPDD) selon huit thématiques: 1. Engagement politique 2. Vision à long terme 3. Intégration du développement durable dans les politiques et le financement 4. Coordination à l’échelle de l’ensemble de l’administration 5. Mobilisation infranationale 6. Association des parties prenantes 7. Analyse d'impact 8. Suivi, reddition de comptes et évaluation
B12: Chacune des huit thématiques est notée sur une échelle de 0 à 12, où 0 signifie qu’aucun des mécanismes demandés n’est en place, et 12 indique que tous les mécanismes demandés sont en place et pleinement mis en œuvre. L’échelle maximale pour les huit thématiques est donc de 96. Le score obtenu sur 96 est ensuite converti en pourcentage aux fins du rapport sur l’indicateur des ODD 17.14.1.
B13: Chaque thématique comporte trois questions, chacune notée sur une échelle de 0 à 4, indiquant le niveau de mise en œuvre du mécanisme spécifié dans la question. Une description générale des niveaux de mise en œuvre et du système de notation est présentée ci-dessous. Une description plus détaillée figure dans la feuille « Notation ».
B14: 0 – Non mis en place
B15: Le mécanisme n’existe pas et aucun plan ou projet n’est prévu pour le développer.
B16: 1 – En cours de développement
... B44: Les données seront utilisées pour le rapport mondial sur l’ODD 17.14.1, dont la responsabilité revient conjointement au PNUE et à l’OCDE. Le PNUE et l’OCDE examineront et valideront les réponses des pays, puis soumettront les résultats à la Division de statistique des Nations Unies (UNSD) pour publication dans la Base de données mondiale relative aux indicateurs de suivi des objectifs de développement durable. Les données seront également utilisées pour suivre la cohérence des politiques aux niveaux national et infranational, à la fois de manière quantitative et qualitative, et pour orienter les activités de renforcement des capacités ou de soutien qui pourraient être mises en œuvre dans les pays ayant répondu. Enfin, ces données seront utilisées pour faire rapport sur les efforts des Adhérents à la Recommandation de l’OCDE sur la cohérence des politiques pour le développement durable, afin de soutenir l’apprentissage entre pairs et le dialogue politique. L’adhésion à cette Recommandation est ouverte à tous les pays.

Sheet Glossary
B2: Glossaire des termes
B4: Cohérence des politiques au service du développement durable (CPDD):
B5: approche visant à intégrer les différentes dimensions du développement durable à tous les niveaux de l’action publique nationale et internationale. Dans le contexte du Programme 2030, elle a pour objet de promouvoir la mise en œuvre intégrée du Programme 2030 en : i)favorisant les synergies et en maximisant les gains dans les domaines économique, social et environnemental ; ii) conciliant les objectifs de politique nationale et les objectifs de développement durable reconnus à l’échelle internationale ; iii) tenant compte des incidences transnationales et des conséquences à long terme des politiques publiques, notamment celles qui risquent de concerner des pays en développement.
B7: Dispositifs institutionnels:
B8: structures, systèmes, processus et méthodes de travail utilisés par les pouvoirs publics dans tous les services administratifs et niveaux d’administration, ainsi que par les principales parties prenantes.
B10: Parties prenantes:
B11: Toute partie intéressée et/ou concernée, notamment : les individus et les institutions et organisations nationales, régionales ou internationales, qu’elles soient gouvernementales ou non gouvernementales ; les représentants de la société civile, des fondations, le monde universitaire, les médias ou le secteur privé
B13: Incidences transnationales:
B14: Retombées – voulues ou non – qui se propagent par delà les frontières d’un pays par l’intermédiaire des flux de capitaux, de biens, de population et de ressources naturelles, et peuvent influencer, positivement ou négativement, les perspectives de développement durable d’un autre pays.

Sheet P1
B2: Tableau P1: Mesurer la cohérence des politiques
B4: Thème | C4: # | D4: Question | E4: Réponse | F4: Points | G4: Critères de réponse | H4: Sources et preuves
B5: 1. Engagement politique | C5: 1.1 | D5: Existe-t-il une déclaration politique claire, au plus haut niveau du gouvernement, témoignant d’un engagement en faveur de la cohérence des politiques pour le développement durable (CPDD)? Par exemple, un engagement explicite en faveur de la CPDD dans des documents stratégiques nationaux, des politiques ou des textes législatifs, y compris au niveau sectoriel. | F5: =IFERROR(VLOOKUP(E5,Lists!$B$3:$C$7,2,0),"") | G5: =IFERROR(INDEX(Lists!$G$3:$K$26,MATCH('P1'!$C5,Lists!$F$3:$F$26,0),MATCH('P1'!$E5,Lists!$H$2:$L$2,0)),"")
C6: 1.2 | D6: Le gouvernement a-t-il défini des domaines prioritaires nationaux clairs pour progresser dans la mise en œuvre de la CPDD? Par exemple, définir clairement les domaines prioritaires pour traiter les questions nécessitant des compromis ou pour lesquelles il faut tenir compte des incidences transfrontalières potentielles, dans le cadre d'une politique, d'une stratégie, d'une loi ou d'un plan d'action national visant à promouvoir le développement durable. | F6: =IFERROR(VLOOKUP(E6,Lists!$B$3:$C$7,2,0),"") | G6: =IFERROR(INDEX(Lists!$G$3:$K$26,MATCH('P1'!$C6,Lists!$F$3:$F$26,0),MATCH('P1'!$E6,Lists!$H$2:$L$2,0)),"")
C7: 1.3 | D7: Le gouvernement a-t-il défini des rôles et responsabilités institutionnels clairs pour promouvoir, superviser et mettre en œuvre la CPDD ? Par exemple, une loi ou une directive administrative établit une unité centrale, un ministère ou un comité interministériel chargé de promouvoir, de superviser ou de mettre en œuvre la CPDD. | F7: =IFERROR(VLOOKUP(E7,Lists!$B$3:$C$7,2,0),"") | G7: =IFERROR(INDEX(Lists!$G$3:$K$26,MATCH('P1'!$C7,Lists!$F$3:$F$26,0),MATCH('P1'!$E7,Lists!$H$2:$L$2,0)),"")
C8: Sous-total pour le thème 1. Engagement politique | F8: =SUM(F5:F7) -> 0
B9: 2. Vision à long terme | C9: 2.1 | D9: Le gouvernement a-t-il élaboré une vision stratégique à long terme pour le développement durable afin de renforcer la cohérence des politiques ? Par exemple, une déclaration de vision nationale, une politique, une stratégie ou un plan d’action définissant des objectifs pour identifier, prévenir et atténuer les effets négatifs, réels ou potentiels, des décisions actuelles sur le bien-être et le développement durable des générations futures. | F9: =IFERROR(VLOOKUP(E9,Lists!$B$3:$C$7,2,0),"") | G9: =IFERROR(INDEX(Lists!$G$3:$K$26,MATCH('P1'!$C9,Lists!$F$3:$F$26,0),MATCH('P1'!$E9,Lists!$H$2:$L$2,0)),"")
C10: 2.2 | D10: Le gouvernement utilise-t-il des outils de planification stratégique à long terme pour renforcer la cohérence des politiques ? Par exemple, l'utilisation d'outils tels que les analyses d'impact, la prospective stratégique, l’élaboration de scénarios et les approches fondées sur une réflexion systémique dans la formulation et la mise en œuvre des politiques, afin d’identifier, de prévenir et d’atténuer leurs éventuelles retombées délétères sur le bien-être et les perspectives de développement durable des générations futures. | F10: =IFERROR(VLOOKUP(E10,Lists!$B$3:$C$7,2,0),"") | G10: =IFERROR(INDEX(Lists!$G$3:$K$26,MATCH('P1'!$C10,Lists!$F$3:$F$26,0),MATCH('P1'!$E10,Lists!$H$2:$L$2,0)),"")
C11: 2.3 | D11: Le gouvernement a-t-il mis en place des dispositifs institutionnels dédiés pour soutenir une vision à long terme de la CPDD ? Par exemple, des organismes indépendants, un commissaire, un conseil ou un médiateur pour les générations futures, qui assurent la continuité d’une vision à long terme au-delà des cycles électoraux ou des mandats gouvernementaux. | F11: =IFERROR(VLOOKUP(E11,Lists!$B$3:$C$7,2,0),"") | G11: =IFERROR(INDEX(Lists!$G$3:$K$26,MATCH('P1'!$C11,Lists!$F$3:$F$26,0),MATCH('P1'!$E11,Lists!$H$2:$L$2,0)),"")
C12: Sous-total pour le thème 2. Vision à long terme | F12: =SUM(F9:F11) -> 0
B13: 3. Intégration du développement durable dans les politiques et le financement | C13: 3.1 | D13: Le gouvernement dispose-t-il d’un processus budgétaire intégrant le développement durable dans les politiques sectorielles, et permettant de gérer les synergies et arbitrages entre les domaines économique, social et environnemental ? Par exemple, à travers l’utilisation d’un budget ODD (p. ex. codification ou marquage des mesures budgétaires) ou de listes de contrôle. | F13: =IFERROR(VLOOKUP(E13,Lists!$B$3:$C$7,2,0),"") | G13: =IFERROR(INDEX(Lists!$G$3:$K$26,MATCH('P1'!$C13,Lists!$F$3:$F$26,0),MATCH('P1'!$E13,Lists!$H$2:$L$2,0)),"")
C14: 3.2 | D14: Le gouvernement dispose-t-il de mécanismes ou d'outils spécifiques pour intégrer le développement durable dans les plans sectoriels ou financiers des ministères sectoriels chefs de file concernés ? Par exemple, stratégies, lignes directrices, réglementations, dispositions ou mécanismes de coordination permettant d’aligner les mandats, politiques et objectifs sectoriels sur les priorités de développement durable. | F14: =IFERROR(VLOOKUP(E14,Lists!$B$3:$C$7,2,0),"") | G14: =IFERROR(INDEX(Lists!$G$3:$K$26,MATCH('P1'!$C14,Lists!$F$3:$F$26,0),MATCH('P1'!$E14,Lists!$H$2:$L$2,0)),"")
C15: 3.3 | D15: Le gouvernement dispose-t-il de mécanismes ou mesures établis pour promouvoir la mobilisation de ressources publiques, privées, nationales et internationales en faveur du développement durable ? Par exemple, des programmes ou politiques visant à renforcer la contribution des ressources nationales au développement durable ; des incitations ou cadres pour attirer les investissements privés dans des projets de développement durable ; des partenariats public-privé pour financer des initiatives en faveur du développement durable. | F15: =IFERROR(VLOOKUP(E15,Lists!$B$3:$C$7,2,0),"") | G15: =IFERROR(INDEX(Lists!$G$3:$K$26,MATCH('P1'!$C15,Lists!$F$3:$F$26,0),MATCH('P1'!$E15,Lists!$H$2:$L$2,0)),"")
C16: Sous-total pour le thème 3. Intégration du développement durable dans les politiques et le financement | F16: =SUM(F13:F15) -> 0
B17: 4. Coordination à l’échelle de l’ensemble de l’administration | C17: 4.1 | D17: Le gouvernement a-t-il mis en place des mécanismes de coordination de haut niveau, dotés de mandats clairs, pour assurer une coordination à l’échelle de l’ensemble de l’administration en matière de CPDD, y compris au niveau sectoriel ? Par exemple, un mécanisme ou organe de coordination de haut niveau, situé au centre de gouvernement ou au sein d’un ministère chef de file, disposant d’un mandat clair, de ressources et de capacités pour anticiper et résoudre les divergences de politiques, y compris les impacts négatifs potentiels de celles-ci, ainsi que les tensions liées à des priorités divergentes et à des intérêts sectoriels différents. | F17: =IFERROR(VLOOKUP(E17,Lists!$B$3:$C$7,2,0),"") | G17: =IFERROR(INDEX(Lists!$G$3:$K$26,MATCH('P1'!$C17,Lists!$F$3:$F$26,0),MATCH('P1'!$E17,Lists!$H$2:$L$2,0)),"")
C18: 4.2 | D18: Existe-t-il des structures de gouvernance formelles ou des canaux informels favorisant la communication entre ministères et départements sectoriels pour renforcer la CPDD ? Par exemple, des comités interministériels favorisant un échange ouvert d’idées et la réflexion innovante afin de répondre aux objectifs politiques transversaux et de développer des solutions intégrées. | F18: =IFERROR(VLOOKUP(E18,Lists!$B$3:$C$7,2,0),"") | G18: =IFERROR(INDEX(Lists!$G$3:$K$26,MATCH('P1'!$C18,Lists!$F$3:$F$26,0),MATCH('P1'!$E18,Lists!$H$2:$L$2,0)),"")
C19: 4.3 | D19: Existe-t-il des programmes spécifiques de renforcement des capacités ou d'autres ressources destinés aux fonctionnaires, aux responsables gouvernementaux ou au personnel afin d'améliorer la cohérence des politiques au service du développement durable ? Par exemple, pour développer des compétences qui amènent les agents publics à dépasser leur champ d’action traditionnel et les incitent à adopter des approches transversales favorisant la cohérence dans l’élaboration des politiques. | F19: =IFERROR(VLOOKUP(E19,Lists!$B$3:$C$7,2,0),"") | G19: =IFERROR(INDEX(Lists!$G$3:$K$26,MATCH('P1'!$C19,Lists!$F$3:$F$26,0),MATCH('P1'!$E19,Lists!$H$2:$L$2,0)),"")
C20: Sous-total pour le thème 4. Coordination à l’échelle de l’ensemble de l’administration | F20: =SUM(F17:F19) -> 0
B21: 5. Mobilisation infranationale | C21: 5.1 | D21: Dispositions ou mécanismes visant à aligner les plans, politiques, budgets ou cadres réglementaires nationaux et infranationaux pour le développement durable Par exemple, les stratégies nationales de développement durable définissent les mesures pertinentes et imposent une participation au niveau infranational ; ou bien les échanges de données et autres formes de collaboration entre les différents niveaux de gouvernement sont institutionnalisés d'autres manières. | F21: =IFERROR(VLOOKUP(E21,Lists!$B$3:$C$7,2,0),"") | G21: =IFERROR(INDEX(Lists!$G$3:$K$26,MATCH('P1'!$C21,Lists!$F$3:$F$26,0),MATCH('P1'!$E21,Lists!$H$2:$L$2,0)),"")
C22: 5.2 | D22: Existe-t-il des structures de gouvernance formelles ou des canaux informels pour soutenir la communication entre les niveaux national et infranational des administrations publiques afin de renforcer la CPDD ? Par exemple, les commissions interterritoriales, la participation des gouvernements locaux aux conseils nationaux pour l'Agenda 2030 et les points focaux pour la mise en œuvre des ODD aux niveaux régional et local. | F22: =IFERROR(VLOOKUP(E22,Lists!$B$3:$C$7,2,0),"") | G22: =IFERROR(INDEX(Lists!$G$3:$K$26,MATCH('P1'!$C22,Lists!$F$3:$F$26,0),MATCH('P1'!$E22,Lists!$H$2:$L$2,0)),"")
C23: 5.3 | D23: Existe-t-il des mécanismes ou des processus permettant d'assurer une action coordonnée entre les agences nationales et infranationales dans le cadre d'initiatives internationales ou de coopération au développement au service du développement durable ? Par exemple, les agences nationales fournissent des services de conseil, des réseaux ou des services de mise en relation aux entités infranationales qui participent à des initiatives internationales ou à la coopération au développement. | F23: =IFERROR(VLOOKUP(E23,Lists!$B$3:$C$7,2,0),"") | G23: =IFERROR(INDEX(Lists!$G$3:$K$26,MATCH('P1'!$C23,Lists!$F$3:$F$26,0),MATCH('P1'!$E23,Lists!$H$2:$L$2,0)),"")
C24: Sous-total pour le thème 5. Mobilisation infranationale | F24: =SUM(F21:F23) -> 0
B25: 6. Association des parties prenantes | C25: 6.1 | D25: Existe-t-il des mécanismes participatifs pour garantir que les parties prenantes soient informées et associées de manière proactive aux différentes phases du cycle politique en faveur du développement durable, ou à l'élaboration d'initiatives de CPDD dans le cadre d'une approche impliquant l'ensemble de la société ? Par exemple, des lois spécifiques, des consultations publiques, des comités consultatifs, des groupes de discussion, des plateformes en ligne, des réunions régulières ou d'autres moyens permettent l'engagement et la participation à la prise de décision, afin de recueillir des commentaires, de traiter les questions de cohérence et de collaborer à l'élaboration de solutions impliquant différents niveaux de la société. | F25: =IFERROR(VLOOKUP(E25,Lists!$B$3:$C$7,2,0),"") | G25: =IFERROR(INDEX(Lists!$G$3:$K$26,MATCH('P1'!$C25,Lists!$F$3:$F$26,0),MATCH('P1'!$E25,Lists!$H$2:$L$2,0)),"")
C26: 6.2 | D26: Existe-t-il des mécanismes permettant d'atteindre les groupes marginalisés et vulnérables de la société et de défendre leurs besoins et leur participation à la prise de décision afin de promouvoir un développement durable inclusif Par exemple, pour consulter ou associer différents groupes en tant que co-concepteurs de plans d'action qui intègrent, de manière intégrée, le principe de ne laisser personne de côté dans les politiques publiques et les mesures de réforme, en mettant l'accent sur des mesures ciblées qui soutiennent les plus défavorisés et promeuvent les droits de l'homme, l'égalité des sexes et l'inclusion sociale. | F26: =IFERROR(VLOOKUP(E26,Lists!$B$3:$C$7,2,0),"") | G26: =IFERROR(INDEX(Lists!$G$3:$K$26,MATCH('P1'!$C26,Lists!$F$3:$F$26,0),MATCH('P1'!$E26,Lists!$H$2:$L$2,0)),"")
C27: 6.3 | D27: Le gouvernement a-t-il mis en place des mécanismes visant à promouvoir l'engagement des parties prenantes dans la cohérence des politiques au service du développement durable à différents niveaux de gouvernance, afin de faire progresser les meilleures pratiques et d'encourager l'apprentissage entre pairs ? Par exemple, engagement dans le cadre de campagnes mondiales ou nationales, de dialogues politiques, de processus intergouvernementaux, d'initiatives de renforcement des capacités et de mobilisation sociale. | F27: =IFERROR(VLOOKUP(E27,Lists!$B$3:$C$7,2,0),"") | G27: =IFERROR(INDEX(Lists!$G$3:$K$26,MATCH('P1'!$C27,Lists!$F$3:$F$26,0),MATCH('P1'!$E27,Lists!$H$2:$L$2,0)),"")
C28: Sous-total pour le thème 6. Association des parties prenantes | F28: =SUM(F25:F27) -> 0
B29: 7. Analyse d'impact | C29: 7.1 | D29: Le gouvernement dispose-t-il de mécanismes ou d'outils permettant d'évaluer régulièrement l'impact des politiques afin d'identifier les effets positifs et négatifs sur le développement durable ? Par exemple, des outils bien établis tels que l'analyse coûts-avantages, les cadres d'indicateurs permettant de suivre l'efficacité des politiques, ou d'autres outils tels que les évaluations réglementaires, environnementales, sociales, d'impact sur le genre et stratégiques sont régulièrement utilisés dans tous les secteurs gouvernementaux pour évaluer et aligner les politiques sur les objectifs de développement durable. | F29: =IFERROR(VLOOKUP(E29,Lists!$B$3:$C$7,2,0),"") | G29: =IFERROR(INDEX(Lists!$G$3:$K$26,MATCH('P1'!$C29,Lists!$F$3:$F$26,0),MATCH('P1'!$E29,Lists!$H$2:$L$2,0)),"")
C30: 7.2 | D30: Le gouvernement a-t-il mis en place des évaluations ex ante et ex post de l'incidence des politiques qui tiennent compte des incidences transfrontalières ? Par exemple, des outils établis tels que l'analyse coûts-avantages, les évaluations des incidences transfrontalières, les consultations multipartites, les cadres d'indicateurs ou d'autres outils sont régulièrement utilisés dans tous les secteurs gouvernementaux pour évaluer les incidences transfrontalières des politiques sur le développement durable. | F30: =IFERROR(VLOOKUP(E30,Lists!$B$3:$C$7,2,0),"") | G30: =IFERROR(INDEX(Lists!$G$3:$K$26,MATCH('P1'!$C30,Lists!$F$3:$F$26,0),MATCH('P1'!$E30,Lists!$H$2:$L$2,0)),"")
C31: 7.3 | D31: Le gouvernement a-t-il mis en place des mécanismes pour renforcer les capacités de la fonction publique à collecter et analyser des données sur l'impact des différentes politiques, lois ou réglementations sur le développement durable ? Par exemple, une formation conçue pour permettre aux fonctionnaires d'aborder de manière stratégique les impacts positifs et négatifs des politiques, lois ou réglementations sur le développement durable. | F31: =IFERROR(VLOOKUP(E31,Lists!$B$3:$C$7,2,0),"") | G31: =IFERROR(INDEX(Lists!$G$3:$K$26,MATCH('P1'!$C31,Lists!$F$3:$F$26,0),MATCH('P1'!$E31,Lists!$H$2:$L$2,0)),"")
C32: Sous-total pour le thème 7. Analyse d'impact | F32: =SUM(F29:F31) -> 0
B33: 8. Suivi, reddition de comptes et évaluation | C33: 8.1 | D33: Le gouvernement dispose-t-il de systèmes de gestion de l'information ou de mécanismes similaires permettant d'identifier et de centraliser de manière cohérente les données, les indicateurs et/ou autres informations nécessaires au suivi des progrès en matière de développement durable ? Par exemple, centraliser les données, indicateurs et informations fiables existants afin de surveiller les externalités économiques, sociales et environnementales imposées au-delà des frontières nationales (incidences transfrontalières). | F33: =IFERROR(VLOOKUP(E33,Lists!$B$3:$C$7,2,0),"") | G33: =IFERROR(INDEX(Lists!$G$3:$K$26,MATCH('P1'!$C33,Lists!$F$3:$F$26,0),MATCH('P1'!$E33,Lists!$H$2:$L$2,0)),"")
C34: 8.2 | D34: Le gouvernement dispose-t-il de mécanismes permettant de rendre compte régulièrement et de manière transparente aux instances nationales compétentes (par exemple, le Parlement, les ministères ou d'autres instances) des progrès accomplis en matière de CPDD ? Par exemple, des rapports réguliers au parlement, aux ministères ou à d'autres instances sur les progrès réalisés en matière de CPDD. Les informations sur les progrès réalisés peuvent également être incluses dans les examens nationaux volontaires (ENV) et dans les rapports sur les activités de coopération au développement. | F34: =IFERROR(VLOOKUP(E34,Lists!$B$3:$C$7,2,0),"") | G34: =IFERROR(INDEX(Lists!$G$3:$K$26,MATCH('P1'!$C34,Lists!$F$3:$F$26,0),MATCH('P1'!$E34,Lists!$H$2:$L$2,0)),"")
C35: 8.3 | D35: Est-ce que le gouvernement a mis en place des mécanismes pour s'assurer que les résultats du CPDD sont régulièrement évalués et utilisés pour prendre des mesures adaptatives, notamment en ce qui concerne les synergies et les arbitrages possibles entre les politiques sectorielles ? Par exemple, les systèmes d'évaluation évaluent systématiquement la cohérence des politiques avec les différentes priorités et politiques sectorielles, fournissant ainsi des informations exploitables aux décideurs politiques. | F35: =IFERROR(VLOOKUP(E35,Lists!$B$3:$C$7,2,0),"") | G35: =IFERROR(INDEX(Lists!$G$3:$K$26,MATCH('P1'!$C35,Lists!$F$3:$F$26,0),MATCH('P1'!$E35,Lists!$H$2:$L$2,0)),"")
C36: Sous-total pour le thème 8. Suivi, reddition de comptes et évaluation | F36: =SUM(F33:F35) -> 0
B37: Total Score | F37: =SUM(F36,F32,F28,F24,F20,F16,F12,F8) -> 0

Sheet Notation
B2: Notation avec analyse détaillée par question et niveau de mise en œuvre, accompagnée d'exemples
B4: Thème | C4: # | D4: Question | E4: Non mis en place (0) | F4: En cours de développement (1) | G4: Mis en place, mais non mis en œuvre (2) | H4: Mis en place, partiellement mis en œuvre (3) | I4: Mis en place, pleinement mis en œuvre (4)
B5: 1. Engagement politique | C5: 1.1 | D5: Existe-t-il une déclaration politique claire, au plus haut niveau du gouvernement, témoignant d’un engagement en faveur de la cohérence des politiques pour le développement durable (CPDD)? Par exemple, un engagement explicite en faveur de la CPDD dans des documents stratégiques nationaux, des politiques ou des textes législatifs, y compris au niveau sectoriel. | E5: Il n’existe aucune déclaration politique claire, et aucun plan ou projet n’est prévu pour l’inclure dans les documents stratégiques, politiques ou législatifs nationaux. | F5: Il n’existe pas encore de déclaration politique claire ; toutefois, des plans formels existent pour en développer une et l’inclure dans des documents stratégiques, politiques ou législatifs nationaux, y compris au niveau sectoriel, ou elle est en cours de développement. (Par exemple, un nouveau document stratégique national ou une mise à jour en cours, une politique ou une loi contenant un engagement explicite en faveur de la CPDD). | G5: Il existe une déclaration politique claire au plus haut niveau du gouvernement témoignant d’un engagement en faveur de la CPDD, mais celle-ci n’est pas mise en œuvre. (Par exemple, l'engagement en faveur de la PCSD se reflète dans les stratégies sectorielles, les politiques ou les lois, mais il n'existe pas de plans d'action, de domaines prioritaires, ou de rôles et des responsabilités institutionnels pour le soutenir. Les activités menées ne traduisent pas efficacement l'engagement en faveur de la PCSD en actions concrètes.) | H5: Il existe une déclaration politique claire au plus haut niveau du gouvernement témoignant d’un engagement en faveur de la CPDD, mais son niveau de mise en œuvre est incomplet. (Par exemple, certains éléments peuvent faire défaut, empêchant la mise en œuvre complète de l'engagement envers la PCSD. Cela peut être dû à des mandats, des rôles et des responsabilités de surveillance peu clairs, à un financement, des capacités ou des données insuffisants, à des contraintes réglementaires, à des lacunes normatives ou à des processus bureaucratiques longs.) | I5: Il existe une déclaration politique claire au plus haut niveau du gouvernement démontrant un engagement en faveur de la CPDD, mise en œuvre dans tous les aspects pertinents de la gouvernance. (Par exemple, le gouvernement a fait une déclaration politique claire au plus haut niveau, démontrant son engagement en faveur de la CPDD. Les dirigeants politiques promeuvent activement la CPDD et soutiennent les objectifs de développement durable, en veillant à ce que les politiques, les lois et les dispositions institutionnelles soient alignées sur ces objectifs, y compris au niveau sectoriel, le cas échéant. Cet engagement se traduit par des mécanismes et des actions concrets dans tous les secteurs et toutes les politiques concernés. Cela comprend l'intégration de la PCSD dans les politiques et les cadres législatifs pertinents, la planification stratégique et les activités opérationnelles, afin de favoriser une culture de la durabilité dans l'ensemble du gouvernement. Les parties prenantes sont impliquées, le soutien du public est mobilisé et des mécanismes de suivi et d'évaluation solides sont en place pour suivre les progrès et garantir la responsabilité.)
C6: 1.2 | D6: Le gouvernement a-t-il défini des domaines prioritaires nationaux clairs pour progresser dans la mise en œuvre de la CPDD? Par exemple, définir clairement les domaines prioritaires pour traiter les questions nécessitant des compromis ou pour lesquelles il faut tenir compte des incidences transfrontalières potentielles, dans le cadre d'une politique, d'une stratégie, d'une loi ou d'un plan d'action national visant à promouvoir le développement durable. | E6: Aucun domaine prioritaire national clair n’a été défini, et aucun plan ou projet n’existe en ce sens. | F6: Aucun domaine prioritaire national clair n’a encore été défini ; toutefois, des plans formels existent ou sont en cours d’élaboration. (Par exemple, un nouveau document stratégique national ou une mise à jour en cours, une politique ou une loi contenant un engagement explicite en faveur de la CPDD.) | G6: Le gouvernement a défini des domaines prioritaires progresser en matière de CPDD, mais aucune action spécifique n’a encore été entreprise pour les mettre en œuvre. (Par exemple, aucune mesure concrète n'a été prise pour traiter les domaines prioritaires visant à faire progresser la PCSD dans les stratégies sectorielles, les politiques ou les réglementations. Ou bien, les mesures prises n'ont pas permis de traiter efficacement ces domaines prioritaires.) | H6: Le gouvernement a défini des domaines prioritaires nationaux clairs pour progresser en matière de CPDD, mais le niveau de mise en œuvre est incomplet. (Par exemple, certains facteurs peuvent empêcher la mise en œuvre complète. Il peut s'agir d'un financement insuffisant, d'un manque de capacités, de données, d'approches institutionnelles cloisonnées, de lacunes normatives ou réglementaires, y compris au niveau sectoriel, ou de processus bureaucratiques longs.) | I6: Le gouvernement a défini des domaines prioritaires nationaux clairs pour progresser en matière de CPDD, et ceux-ci sont mis en œuvre en couvrant tous les aspects pertinents de la gouvernance. (Par exemple, les priorités définies sont intégrées dans les politiques sectorielles, les stratégies et les plans d'action assortis de délais, guidant les efforts visant à atteindre les objectifs de développement durable, en tirant parti des synergies entre les secteurs et en tenant compte des incidences transfrontalières potentielles des politiques. Il existe une coordination active entre les secteurs afin d'aligner les initiatives sur ces priorités, favorisant ainsi une approche intégrée dans l'ensemble du gouvernement.)
C7: 1.3 | D7: Le gouvernement a-t-il défini des rôles et responsabilités institutionnels clairs pour promouvoir, superviser et mettre en œuvre la CPDD ? Par exemple, une loi ou une directive administrative établit une unité centrale, un ministère ou un comité interministériel chargé de promouvoir, de superviser ou de mettre en œuvre la CPDD. | E7: Aucun rôle ni responsabilité institutionnel clair n’a été défini, et aucun plan ou projet n’est prévu en ce sens. | F7: Aucun rôle ni responsabilité institutionnel clair n’a encore été défini ; toutefois, des plans formels existent ou sont en cours d’élaboration. (Par exemple, des changements à venir dans les structures gouvernementales ; création ou réforme d’organismes avec un mandat explicite pour renforcer la CPDD au sein du gouvernement.) | G7: Le gouvernement a défini des rôles et responsabilités institutionnels clairs, mais ceux-ci ne sont pas encore mis en œuvre. (Par exemple, des obstacles tels qu’un financement insuffisant, des contraintes de capacité, des lourdeurs réglementaires, des lacunes normatives, une volonté politique insuffisante, des problèmes de coordination ou un manque d’engagement des parties prenantes.) | H7: Le gouvernement a défini des rôles et responsabilités institutionnels, mais leur mise en œuvre reste partielle. (Par exemple, mise en œuvre limitée par manque de ressources humaines, techniques ou financières, résistance institutionnelle, absence de collaboration interministérielle, lacunes réglementaires, ou insuffisance de formations pour le personnel impliqué.) | I7: Le gouvernement a défini des rôles et responsabilités institutionnels clairs, pleinement mis en œuvre dans tous les aspects pertinents de la gouvernance. (Par exemple, institution de tutelle a été créée avec un mandat explicite pour promouvoir et superviser la CPDD. Son rôle est bien connu à travers les différents ministères, secteurs et niveaux de gouvernement.)
B8: 2. Vision à long terme | C8: 2.1 | D8: Le gouvernement a-t-il élaboré une vision stratégique à long terme pour le développement durable afin de renforcer la cohérence des politiques ? Par exemple, une déclaration de vision nationale, une politique, une stratégie ou un plan d’action définissant des objectifs pour identifier, prévenir et atténuer les effets négatifs, réels ou potentiels, des décisions actuelles sur le bien-être et le développement durable des générations futures. | E8: Il n’existe aucune vision stratégique à long terme pour le développement durable, et aucun plan ou projet n’est prévu pour en élaborer une. | F8: Il n’existe pas encore de vision stratégique à long terme pour le développement durable ; toutefois, des plans formels sont prévus ou elle est en cours d’élaboration. (Par exemple, une future déclaration de vision, stratégie ou politique nationale à long terme visant à identifier, prévenir et atténuer les effets négatifs des décisions sur le bien-être et le développement durable des générations futures.) | G8: Le gouvernement a élaboré et adopté officiellement une vision stratégique à long terme pour le développement durable afin de renforcer la cohérence des politiques, mais celle-ci n’est pas encore mise en œuvre. (Par exemple, les stratégies et politiques sectorielles ne reprennent pas les éléments clés de la vision à long terme et ne définissent pas d’objectifs clairs pour identifier ou réduire les impacts négatifs sur les générations futures.) | H8: Le gouvernement a élaboré une vision stratégique à long terme pour le développement durable afin de renforcer la cohérence des politiques, mais son niveau de mise en œuvre est incomplet. (Par example, l’intégration dans les politiques sectorielles est limitée, les objectifs mal définis, la participation des parties prenantes restreinte, le suivi inadéquat, ou des contraintes de capacités, lacunes normatives ou une faible sensibilisation freinent la mise en œuvre.) | I8: Le gouvernement a élaboré une vision stratégique à long terme pour le développement durable afin de renforcer la cohérence des politiques, pleinement mise en œuvre dans tous les aspects pertinents de la gouvernance. (Par exemple, une vision ou une stratégie à long terme est mise en place afin de définir des objectifs et des cibles à long terme en matière de développement durable et d'orienter la prise de décision à court terme afin de prendre en compte le bien-être et le développement durable des générations futures. Cette vision stratégique est intégrée dans toutes les stratégies et politiques sectorielles pertinentes et se traduit par des actions concrètes visant à identifier, prévenir et atténuer les impacts négatifs potentiels sur les générations futures. Ce processus implique la participation des parties prenantes, l'obtention du soutien législatif et public, et l'élaboration de cadres de suivi et d'évaluation solides.)
C9: 2.2 | D9: Le gouvernement utilise-t-il des outils de planification stratégique à long terme pour renforcer la cohérence des politiques ? Par exemple, l'utilisation d'outils tels que les analyses d'impact, la prospective stratégique, l’élaboration de scénarios et les approches fondées sur une réflexion systémique dans la formulation et la mise en œuvre des politiques, afin d’identifier, de prévenir et d’atténuer leurs éventuelles retombées délétères sur le bien-être et les perspectives de développement durable des générations futures. | E9: Aucun outil de planification stratégique à long terme n’est en place, et aucun plan ou projet n’existe pour en développer. | F9: Aucun outil n’est encore en place ; toutefois, des plans formels existent ou sont en cours d’élaboration. (Par exemple, la création prévue d’unités de prospective stratégique, l’adaptation des outils existants d’évaluation d’impact, ou le développement de formations liées à la planification à long terme ou aux approches systémiques.) | G9: Le gouvernement a élaboré des outils de planification stratégique à long terme, mais ils ne sont pas encore mis en œuvre. (Par exemple, des contraintes de ressources, un manque de volonté politique, une résistance institutionnelle, une formation insuffisante, la complexité des outils ou des lacunes normatives freinent leur mise en œuvre.) | H9: Le gouvernement utilise des outils de planification stratégique à long terme, mais ceux-ci ne sont que partiellement mis en œuvre. (Par exemple, plusieurs obstacles peuvent freiner la mise en œuvre : contraintes de ressources, manque de soutien politique, résistance institutionnelle, lacunes normatives, formation insuffisante, etc.) | I9: Le gouvernement utilise des outils de planification stratégique à long terme pour renforcer la cohérence des politiques, pleinement mis en œuvre dans tous les aspects pertinents. (Par exemple, le gouvernement utilise couramment des outils de planification stratégique à long terme (tels que les évaluations d'impact, la prospective stratégique, l'élaboration de scénarios, les outils de modélisation intégrée ou les approches systémiques) pour formuler et mettre en œuvre des stratégies et des politiques. Ces outils permettent d'identifier, de prévenir et d'atténuer les impacts négatifs potentiels sur le bien-être et le développement durable des générations futures. Ils sont utilisés de manière proactive pour éclairer l'élaboration des politiques et la prise de décision.)
C10: 2.3 | D10: Le gouvernement a-t-il mis en place des dispositifs institutionnels dédiés pour soutenir une vision à long terme de la CPDD ? Par exemple, des organismes indépendants, un commissaire, un conseil ou un médiateur pour les générations futures, qui assurent la continuité d’une vision à long terme au-delà des cycles électoraux ou des mandats gouvernementaux. | E10: Aucun mécanisme ou dispositif institutionnel n’est en place, et aucun plan ou projet n’existe pour en créer. | F10: Aucun dispositif n’est encore en place ; toutefois, des plans formels existent ou ils sont en cours d’élaboration. (Par exemple, la création prochaine d'un organisme dédié ou indépendant, tel que les commissions nationales pour le développement durable, des organismes indépendants, un commissaire, un conseil ou un médiateur pour les générations futures, doté d'un mandat spécifique visant à renforcer la CPDD au-delà des mandats gouvernementaux et des cycles électoraux, afin d'assurer la continuité des efforts en matière de CPDD entre les différentes administrations.) | G10: Le gouvernement a mis en place des dispositifs institutionnels dédiés, mais leurs tâches n’ont pas encore été mises en œuvre. (Par exemple, les mandats peuvent être flous ; des contraintes de ressources, un manque de volonté politique, une résistance institutionnelle, une faible participation des parties prenantes, des lacunes normatives ou un faible soutien public peuvent freiner la mise en œuvre.) | H10: Des dispositifs sont en place, mais leur mise en œuvre est partielle. (Par exemple, leur mise en œuvre peut être limitée par l’ingérence politique, des ressources insuffisantes, une coordination inefficace entre ministères, une opposition publique, des cadres juridiques complexes ou des faiblesses dans le suivi et l’évaluation.) | I10: Le gouvernement a mis en place des dispositifs ou mécanismes institutionnels spécifiques pour soutenir une vision à long terme de la CPDD. Leurs missions sont mises en œuvre de manière exhaustive et couvrent tous les aspects pertinents de la gouvernance. (Par exemple, le gouvernement a créé un organisme spécialisé doté d'un mandat clair et de ressources suffisantes pour garantir que son engagement en faveur de la CPDD dépasse le cadre des cycles électoraux et des mandats gouvernementaux. Cet organisme a des objectifs clairs, dispose de ressources adéquates et favorise une communication efficace, un leadership fort, l'engagement des parties prenantes et la coordination entre les ministères ou départements. Il dispose également de systèmes de suivi et d'évaluation solides et fait preuve de souplesse pour s'adapter à l'évolution des circonstances.)
B11: 3. The Integration of Sustainable Development into Policy and Finance | C11: 3.1 | D11: Le gouvernement dispose-t-il d’un processus budgétaire intégrant le développement durable dans les politiques sectorielles, et permettant de gérer les synergies et arbitrages entre les domaines économique, social et environnemental ? Par exemple, à travers l’utilisation d’un budget ODD (p. ex. codification ou marquage des mesures budgétaires) ou de listes de contrôle. | E11: Aucun processus budgétaire n’est en place, et aucun plan ou projet n’existe pour en développer un. | F11: Aucun processus budgétaire n’est encore en place ; toutefois, des plans formels existent ou il est en cours d’élaboration. (Par exemple, l’introduction prochaine de nouvelles directives pour préparer le budget annuel afin d’intégrer le développement durable dans les politiques sectorielles, ou l’adoption de nouvelles pratiques telles que la codification et le marquage ODD, la budgétisation axée sur les résultats alignés sur les ODD, et le lien entre le processus de budgétisation stratégique et les ODD.) | G11: Le gouvernement a élaboré un processus budgétaire pour intégrer le développement durable dans les politiques sectorielles et pour gérer les synergies et arbitrages entre les domaines économique, social et environnemental, mais celui-ci n’est pas encore mis en œuvre. (Par exemple, plusieurs facteurs peuvent entraver la mise en œuvre, notamment la complexité de l'intégration de la durabilité dans les cadres existants, l'équilibre entre l'allocation des ressources entre des objectifs concurrents, la nécessité de renforcer les capacités au sein des institutions, la nécessité d'une volonté et d'un engagement politiques forts, les lacunes normatives et les contraintes financières.) | H11: Le gouvernement a élaboré un processus budgétaire pour intégrer le développement durable dans les politiques sectorielles et pour gérer les synergies et arbitrages entre les domaines économique, social et environnemental, mais sa mise en œuvre reste partielle. (Par exemple, les défis incluent la complexité de l’intégration des priorités de développement durable dans les cadres existants, les difficultés de collecte de données, la répartition des ressources entre objectifs concurrents, des capacités institutionnelles limitées, un manque de volonté politique, des lacunes normatives ou des contraintes financières.) | I11: Le gouvernement a mis en place un processus budgétaire visant à intégrer le développement durable dans les politiques sectorielles et à prendre en compte les synergies et les compromis entre les domaines économiques, sociaux et environnementaux. Les considérations liées à la durabilité sont intégrées à toutes les étapes du processus budgétaire. (Par exemple, le développement durable est intégré de manière efficace dans les politiques sectorielles par le biais du processus budgétaire (par exemple, la formulation, l'approbation, l'exécution et le contrôle du budget), en favorisant les synergies entre les différents secteurs politiques, en équilibrant stratégiquement l'allocation des ressources entre les objectifs économiques, sociaux et environnementaux, et en encourageant la collaboration et la coordination entre les ministères et les agences gouvernementales).
C12: 3.2 | D12: Le gouvernement dispose-t-il de mécanismes ou d'outils spécifiques pour intégrer le développement durable dans les plans sectoriels ou financiers des ministères sectoriels chefs de file concernés ? Par exemple, stratégies, lignes directrices, réglementations, dispositions ou mécanismes de coordination permettant d’aligner les mandats, politiques et objectifs sectoriels sur les priorités de développement durable. | E12: Aucun mécanisme ou outil n’est en place, et aucun plan ou projet n’existe pour en développer. | F12: Aucun mécanisme ou outil n’est encore en place ; toutefois, des plans formels existent ou ils sont en cours d’élaboration. | G12: Le gouvernement a élaboré des mécanismes et outils pour intégrer le développement durable dans les plans sectoriels et financiers des ministères sectoriels chefs de file, mais ils ne sont pas encore mis en œuvre. (par exemple, un financement limité, des contraintes de capacités, un manque de données, des problèmes de coordination, un déficit de volonté politique ou des lacunes normatives peuvent freiner la mise en œuvre.) | H12: Le gouvernement a mis au point des mécanismes et des outils spécifiques pour intégrer le développement durable dans les plans sectoriels et financiers des ministères concernés. Cependant, ces mécanismes n'ont été que partiellement mis en œuvre. (Par exemple, plusieurs facteurs peuvent contribuer à une mise en œuvre partielle. Il peut s'agir d'un financement insuffisant, de contraintes de capacité, de lourdeurs administratives, de problèmes de coordination, de l'indisponibilité des données, de lacunes normatives, etc.) | I12: Le gouvernement a mis au point des mécanismes et des outils spécifiques pour intégrer le développement durable dans les plans sectoriels et financiers des ministères concernés. Ces mécanismes ont été mis en œuvre de manière exhaustive, couvrant tous les aspects pertinents de la gouvernance. (Par exemple, des mécanismes et des outils bien établis ont permis d'intégrer les priorités du développement durable dans tous les secteurs et tous les plans financiers, contribuant ainsi à la réalisation effective des objectifs de développement durable. Ces mécanismes et outils favorisent également une culture de la durabilité à tous les niveaux et dans tous les secteurs du gouvernement, stimulant l'amélioration continue et l'innovation dans les pratiques de développement durable.)
C13: 3.3 | D13: Le gouvernement dispose-t-il de mécanismes ou mesures établis pour promouvoir la mobilisation de ressources publiques, privées, nationales et internationales en faveur du développement durable ? Par exemple, des programmes ou politiques visant à renforcer la contribution des ressources nationales au développement durable ; des incitations ou cadres pour attirer les investissements privés dans des projets de développement durable ; des partenariats public-privé pour financer des initiatives en faveur du développement durable. | E13: Aucun mécanisme ou mesure n’est en place, et aucun plan ou projet n’existe pour en développer. | F13: Aucun mécanisme ou mesure n’est encore en place ; toutefois, des plans formels existent ou ils sont en cours d’élaboration. | G13: Le gouvernement a mis en place des mécanismes ou mesures pour promouvoir la mobilisation de ressources financières en soutien à la CPDD, mais ils ne sont pas encore mis en œuvre. (Par exemple, des contraintes de financement, de capacités, de coordination ou un engagement insuffisant des parties prenantes peuvent freiner la mise en œuvre.) | H13: Le gouvernement a mis en place des mécanismes ou mesures pour promouvoir la mobilisation de ressources financières en soutien à la CPDD, mais ils ne sont que partiellement mis en œuvre. (Par exemple, un financement insuffisant, un manque de capacités, des difficultés de coordination ou un engagement limité des parties prenantes peuvent limiter l’impact.) | I13: Le gouvernement a mis en place et appliqué des mécanismes et mesures pour promouvoir la mobilisation de ressources financières en soutien à la CPDD, couvrant tous les aspects pertinents de la gouvernance. (Par exemple, ces mécanismes ont permis de mettre en place des programmes spécifiques, de créer des incitations pour attirer les investissements privés, ou de développer des partenariats public-privé afin de mobiliser des financements pour le développement durable.)
B14: 4. Coordination à l’échelle de l’ensemble de l’administration | C14: 4.1 | D14: Le gouvernement a-t-il mis en place des mécanismes de coordination de haut niveau, dotés de mandats clairs, pour assurer une coordination à l’échelle de l’ensemble de l’administration en matière de CPDD, y compris au niveau sectoriel ? Par exemple, un mécanisme ou organe de coordination de haut niveau, situé au centre de gouvernement ou au sein d’un ministère chef de file, disposant d’un mandat clair, de ressources et de capacités pour anticiper et résoudre les divergences de politiques, y compris les impacts négatifs potentiels de celles-ci, ainsi que les tensions liées à des priorités divergentes et à des intérêts sectoriels différents. | E14: Aucun mécanisme de coordination de haut niveau n’est en place, et aucun plan ou projet n’existe pour en créer. | F14: Aucun mécanisme de coordination de haut niveau n’est encore en place ; toutefois, des plans formels existent ou ils sont en cours d’élaboration. | G14: Le gouvernement a mis en place des mécanismes de coordination de haut niveau dotés de mandats clairs pour assurer une coordination à l’échelle de l’ensemble de l’administration en matière de CPDD, y compris au niveau sectoriel, mais ils ne sont pas encore mis en œuvre. (Par exemple, un manque de volonté politique, des lourdeurs administratives, des asymétries d’information, la résistance des parties prenantes, des intérêts acquis, la complexité de la coordination, des lacunes normatives ou un manque de redevabilité peuvent freiner la mise en œuvre.) | H14: Le gouvernement a mis en place des mécanismes de coordination de haut niveau dotés de mandats clairs pour assurer une coordination à l’échelle de l’ensemble de l’administration en matière de CPDD, y compris au niveau sectoriel, mais leur mise en œuvre reste partiell (Par exemple, des changements dans le leadership politique et les priorités, un manque de ressources techniques, des lacunes normatives, ainsi qu’une résistance bureaucratique ou de la part des parties prenantes peuvent limiter leur fonctionnement.) | I14: Le gouvernement dispose de mécanismes de coordination de haut niveau, dotés de mandats clairs, assurant une coordination à l’échelle de l’ensemble de l’administration en matière de CPDD, y compris au niveau sectoriel, et couvrant tous les aspects pertinents de la gouvernance. (Par exemple, un mécanisme de coordination de haut niveau fonctionne régulièrement pour soutenir la CPDD à l’échelle de l’ensemble de l’administration. Il dispose d’un mandat clair, de ressources suffisantes et de la capacité d’anticiper et de résoudre les divergences de politiques, y compris les impacts négatifs potentiels et les tensions liées à des priorités ou intérêts sectoriels divergents.)
C15: 4.2 | D15: Existe-t-il des structures de gouvernance formelles ou des canaux informels favorisant la communication entre ministères et départements sectoriels pour renforcer la CPDD ? Par exemple, des comités interministériels favorisant un échange ouvert d’idées et la réflexion innovante afin de répondre aux objectifs politiques transversaux et de développer des solutions intégrées. | E15: Aucune structure de gouvernance formelle ou canal informel n’existe, et aucun plan ou projet n’existe pour en créer. | F15: Aucune structure de gouvernance formelle ou canal informel n’existe encore ; toutefois, des plans formels existent ou ils sont en cours d’élaboration. | G15: Le gouvernement a mis en place des structures de gouvernance formelles ou des canaux informels pour soutenir la communication entre les ministères et départements sectoriels afin de renforcer la CPDD. Cependant, ces mécanismes n'ont pas encore été mis en œuvre. (Par exemple, plusieurs facteurs peuvent entraver la mise en œuvre, tels que la résistance au changement, le manque d'alignement avec la culture organisationnelle, les intérêts particuliers, l'insuffisance des ressources, la mauvaise communication, les lacunes normatives et les conditions externes défavorables comme l'instabilité politique ou les changements de gouvernement.) | H15: Le gouvernement a mis en place des structures de gouvernance formelles ou des canaux informels pour faciliter la communication entre les ministères et départements sectoriels afin d'améliorer la CPDD. Cependant, ces mécanismes n'ont été que partiellement mis en œuvre. (Par exemple, la mise en œuvre complète peut être entravée par la rigidité bureaucratique, le manque de souplesse, les contraintes en matière de ressources, une mauvaise communication, la résistance au changement, des lacunes normatives et des facteurs externes tels que l'instabilité politique ou les ralentissements économiques.) | I15: Le gouvernement a mis en place des structures de gouvernance formelles ou des canaux informels pour faciliter la communication entre les ministères et départements sectoriels afin d'améliorer la CPDD. Ces mécanismes ont été pleinement mis en œuvre et couvrent tous les aspects pertinents de la gouvernance. (Par exemple, la mise en place de ces structures et canaux a permis d'améliorer la collaboration, la coordination et le partage d'informations entre tous les secteurs du gouvernement. Cela a renforcé l'alignement des politiques sur les objectifs de développement durable et favorisé une culture d'amélioration continue et d'innovation dans l'administration publique.)
C16: 4.3 | D16: Existe-t-il des programmes spécifiques de renforcement des capacités ou d'autres ressources destinés aux fonctionnaires, aux responsables gouvernementaux ou au personnel afin d'améliorer la cohérence des politiques au service du développement durable ? Par exemple, pour développer des compétences qui amènent les agents publics à dépasser leur champ d’action traditionnel et les incitent à adopter des approches transversales favorisant la cohérence dans l’élaboration des politiques. | E16: Aucun programme de renforcement des capacités ni ressource n’existe, et aucun plan ou projet n’existe pour en créer. | F16: Aucun programme de renforcement des capacités ni ressource n’existe encore ; toutefois, des plans formels existent ou ils sont en cours d’élaboration. | G16: Le gouvernement a développé des programmes de renforcement des capacités ou d’autres ressources pour renforcer la CPDD, mais ils ne sont pas encore mis en œuvre. (Par exemple, un financement insuffisant, des contraintes de capacités, des lourdeurs administratives, des problèmes de coordination, un manque de données ou des lacunes normatives peuvent en freiner la mise en œuvre.) | H16: Le gouvernement a développé des programmes de renforcement des capacités ou d’autres ressources pour renforcer la CPDD, mais leur mise en œuvre reste partielle. (Par exemple, un financement insuffisant, des contraintes de capacités, des lourdeurs administratives, des problèmes de coordination ou un engagement insuffisant peuvent limiter leur impact.) | I16: Le gouvernement a développé et pleinement mis en œuvre des programmes de renforcement des capacités ou d’autres ressources pour renforcer la CPDD, couvrant tous les aspects pertinents de la gouvernance. (Par exemple, des cadres de compétences ont été conçus pour cibler les connaissances et aptitudes transversales nécessaires à la cohérence des politiques. Des formations ont été développées et déployées auprès de tous les agents publics concernés.)
B17: 5. Mobilisation infranationale | C17: 5.1 | D17: Dispositions ou mécanismes visant à aligner les plans, politiques, budgets ou cadres réglementaires nationaux et infranationaux pour le développement durable Par exemple, les stratégies nationales de développement durable définissent les mesures pertinentes et imposent une participation au niveau infranational ; ou bien les échanges de données et autres formes de collaboration entre les différents niveaux de gouvernement sont institutionnalisés d'autres manières. | E17: Aucune disposition ni aucun mécanisme n’est en place, et aucun plan ou projet formel n’existe pour en élaborer. | F17: Aucune disposition ni aucun mécanisme n’est encore en place ; toutefois, des plans formels existent ou ils sont en cours d’élaboration. | G17: Des dispositions ou mécanismes existent pour aligner les plans, politiques, budgets ou cadres réglementaires nationaux et infranationaux pour le développement durable, mais ils ne sont pas mis en œuvre. (Par exemple, les Stratégies nationales de développement durable prévoient des actions pertinentes au niveau infranational, mais celles-ci ne sont pas déployées à travers des outils ou plans d’action, ni complétées par un suivi local des objectifs de développement durable. Les raisons peuvent inclure un manque de ressources, une absence de volonté politique, une résistance institutionnelle, une formation insuffisante, des cadres juridiques ou politiques complexes, des lacunes normatives ou un engagement insuffisant.) | H17: Des dispositions ou mécanismes existent pour aligner les plans, politiques, budgets et cadres réglementaires nationaux et infranationaux pour le développement durable, mais leur mise en œuvre reste partielle. (Par exemple, la pleine mise en œuvre peut être freinée par un manque de ressources, de volonté politique, par une résistance institutionnelle, une formation insuffisante, des cadres juridiques ou politiques complexes, des lacunes normatives ou un engagement insuffisant.) | I17: Des dispositions ou mécanismes existent pour aligner les plans, politiques, budgets et cadres réglementaires nationaux et infranationaux pour le développement durable, et ils sont pleinement mis en œuvre, couvrant tous les aspects pertinents de la gouvernance. (Par exemple, les Stratégies nationales de développement durable sont territorialisées au niveau infranational et complétées par des indicateurs locaux et des systèmes de suivi des objectifs de développement durable. Les bonnes pratiques et défis communs sont documentés, partagés et intégrés à tous les niveaux de gouvernement, ce qui favorise l’amélioration continue. Ces mécanismes servent effectivement à impliquer les niveaux infranationaux dans la CPDD et à promouvoir une action coordonnée sur les objectifs économiques, sociaux et environnementaux pertinents.)
C18: 5.2 | D18: Existe-t-il des structures de gouvernance formelles ou des canaux informels pour soutenir la communication entre les niveaux national et infranational des administrations publiques afin de renforcer la CPDD ? Par exemple, les commissions interterritoriales, la participation des gouvernements locaux aux conseils nationaux pour l'Agenda 2030 et les points focaux pour la mise en œuvre des ODD aux niveaux régional et local. | E18: Aucune structure de gouvernance formelle ni aucun canal informel n’existe, et aucun plan ou projet formel n’existe pour en élaborer. | F18: Aucune structure de gouvernance formelle ni aucun canal informel n’existe encore ; toutefois, des plans formels existent ou ils sont en cours d’élaboration. | G18: Le gouvernement a mis en place des structures de gouvernance formelles ou des canaux informels pour soutenir la communication entre les niveaux national et infranational, mais ils ne sont pas mis en œuvre. (Par exemple, des plateformes de communication ont été créées mais ne sont pas actives, en raison d’un manque de volonté politique, de ressources insuffisantes, d’une résistance bureaucratique, d’une coordination déficiente, de lacunes normatives ou d’un engagement insuffisant.) | H18: Le gouvernement a mis en place des structures de gouvernance formelles ou des canaux informels pour soutenir la communication entre les niveaux national et infranational, mais leur mise en œuvre reste partielle. (Par exemple, la pleine mise en œuvre peut être entravée par un manque de volonté politique, de ressources, une résistance bureaucratique, une coordination déficiente, des lacunes normatives ou un engagement insuffisant.) | I18: Le gouvernement a mis en place des structures de gouvernance formelles ou des canaux informels pour soutenir la communication entre les niveaux national et infranational, et ils sont pleinement mis en œuvre, couvrant tous les aspects pertinents de la gouvernance. (Par exemple, des plateformes telles que des commissions interterritoriales sont en place pour recueillir les contributions des entités infranationales et initier des échanges formels entre niveaux de gouvernement. Ces mécanismes sont actifs et favorisent un échange ouvert d’idées et une réflexion innovante pour répondre aux objectifs politiques transversaux et faciliter un dialogue multi-niveaux sur les réussites et les défis persistants.)
C19: 5.3 | D19: Existe-t-il des mécanismes ou des processus permettant d'assurer une action coordonnée entre les agences nationales et infranationales dans le cadre d'initiatives internationales ou de coopération au développement au service du développement durable ? Par exemple, les agences nationales fournissent des services de conseil, des réseaux ou des services de mise en relation aux entités infranationales qui participent à des initiatives internationales ou à la coopération au développement. | E19: Aucun mécanisme ni processus n’existe, et aucun plan ou projet formel n’existe pour en élaborer. | F19: Aucun mécanisme ni processus n’existe encore ; toutefois, des plans formels existent ou ils sont en cours d’élaboration. | G19: Le gouvernement a mis en place des mécanismes ou des processus visant à coordonner les actions nationales et infranationales dans le cadre d'initiatives internationales ou de coopération au développement au service du développement durable, mais ceux-ci ne sont pas mis en œuvre. (Par exemple, des services de conseil, réseaux ou orientations existent mais ne sont pas actifs ou ne sont pas utilisés par les entités infranationales.) | H19: Le gouvernement a mis en place des mécanismes ou processus pour coordonner l’action nationale et infranationale sur les initiatives internationales ou la coopération au service du développement durable, mais leur mise en œuvre reste partielle. (Par exemple, la pleine mise en œuvre peut être entravée par un manque de ressources, une résistance bureaucratique, une coordination insuffisante entre ministères ou départements, un engagement insuffisant ou des cadres juridiques complexes.) | I19: Le gouvernement a mis en place des mécanismes ou processus pour coordonner l’action nationale et infranationale sur les initiatives internationales ou la coopération au service du développement durable, et ils sont pleinement mis en œuvre, couvrant tous les aspects pertinents de la gouvernance. (Par exemple, les agences nationales fournissent des services de conseil, des réseaux ou des dispositifs de mise en relation pour les entités infranationales engagées dans des initiatives internationales ou la coopération pour le développement durable. Des partenariats multi-niveaux et multi-acteurs connectent les parties prenantes, facilitent l’échange de bonnes pratiques et assurent un appui adapté à la demande et au contexte local.)
B20: 6. Association des parties prenantes | C20: 6.1 | D20: Existe-t-il des mécanismes participatifs pour garantir que les parties prenantes soient informées et associées de manière proactive aux différentes phases du cycle politique en faveur du développement durable, ou à l'élaboration d'initiatives de CPDD dans le cadre d'une approche impliquant l'ensemble de la société ? Par exemple, des lois spécifiques, des consultations publiques, des comités consultatifs, des groupes de discussion, des plateformes en ligne, des réunions régulières ou d'autres moyens permettent l'engagement et la participation à la prise de décision, afin de recueillir des commentaires, de traiter les questions de cohérence et de collaborer à l'élaboration de solutions impliquant différents niveaux de la société. | E20: Aucun mécanisme n’est en place, et aucun plan ou projet formel n’existe pour en élaborer. | F20: Aucun mécanisme n’est encore en place ; toutefois, des plans formels existent ou ils sont en cours d’élaboration. | G20: Les mécanismes participatifs sont en place pour permettre aux parties prenantes de s'associer à l'élaboration des politiques de développement durable dans le cadre d'une approche globale de la société, mais ils ne sont que partiellement mis en œuvre. (Par exemple, ces mécanismes n'ont pas été intégrés de manière régulière dans le cycle politique, ou les contributions ne sont pas systématiquement prises en compte dans la prise de décision pour la cohérence des politiques ou le développement durable, ou encore des lacunes normatives persistent.) | H20: Les mécanismes participatifs sont en place pour permettre aux parties prenantes de s'associer à l'élaboration des politiques de développement durable dans le cadre d'une approche globale de la société, mais ils ne sont que partiellement mis en œuvre. (Par exemple, plusieurs facteurs peuvent limiter la mise en œuvre. Il peut s'agir d'une volonté politique insuffisante, d'un engagement inadéquat des parties prenantes, de lacunes normatives ou d'un manque de ressources ou de capacités.) | I20: Les mécanismes participatifs sont en place pour associer les parties prenantes à l'élaboration des politiques de développement durable dans le cadre d'une approche globale de la société, ainsi qu'à la mise en œuvre des initiatives de la CPDD, et ces mécanismes sont pleinement mis en œuvre grâce à des approches participatives. (Par exemple, des forums et des occasions spécifiques sont prévus pour élaborer des recommandations visant à renforcer la cohérence des politiques et fournir des contributions analytiques et stratégiques sur le développement durable, appuyées par des dispositions normatives spécifiques. L'engagement concerne les représentants concernés de la société civile, du monde universitaire, du secteur privé et des syndicats et organisations patronales, en coordination avec les ministères. Les consultations doivent se dérouler de manière exhaustive à différentes étapes du cycle politique. Les informations préparatoires et les commentaires sur les résultats du processus sont communiqués aux parties prenantes concernées.)
C21: 6.2 | D21: Existe-t-il des mécanismes permettant d'atteindre les groupes marginalisés et vulnérables de la société et de défendre leurs besoins et leur participation à la prise de décision afin de promouvoir un développement durable inclusif Par exemple, pour consulter ou associer différents groupes en tant que co-concepteurs de plans d'action qui intègrent, de manière intégrée, le principe de ne laisser personne de côté dans les politiques publiques et les mesures de réforme, en mettant l'accent sur des mesures ciblées qui soutiennent les plus défavorisés et promeuvent les droits de l'homme, l'égalité des sexes et l'inclusion sociale. | E21: Aucun mécanisme n’est en place, et aucun plan ou projet formel n’existe pour en élaborer. | F21: Aucun mécanisme n’est encore en place ; toutefois, des plans formels existent ou ils sont en cours d’élaboration. | G21: Le gouvernement a mis en place des mécanismes pour atteindre les groupes marginalisés et vulnérables et plaider pour leur participation à la prise de décision en vue de promouvoir un développement durable inclusif, mais ils ne sont pas mis en œuvre. (Par exemple, ces initiatives n’ont pas été déployées auprès du public, ou leurs résultats n’ont pas été intégrés dans les stratégies de développement social et économique inclusif ; ou des lacunes normatives persistent.) | H21: Le gouvernement a mis en place des mécanismes pour atteindre les groupes marginalisés et vulnérables et plaider pour leur participation à la prise de décision en vue de promouvoir un développement durable inclusif, mais ils ne sont que partiellement mis en œuvre. (Par exemple, plusieurs facteurs peuvent limiter la mise en œuvre, tels qu’un manque de volonté politique, un engagement insuffisant des parties prenantes, des lacunes normatives ou un manque de ressources et de capacités.) | I21: Le gouvernement a mis en place des mécanismes pour atteindre les groupes marginalisés et vulnérables et plaider pour leur participation à la prise de décision en vue de promouvoir un développement durable inclusif, et ces mécanismes sont pleinement mis en œuvre, couvrant tous les aspects pertinents de la gouvernance. (Par exemple, ces initiatives ont été déployées auprès des principaux groupes marginalisés et vulnérables. Les résultats ont été intégrés dans les stratégies visant à promouvoir un développement social et économique inclusif, comme les plans d’action qui intègrent de manière transversale le principe de « ne laisser personne de côté » dans les politiques publiques et les mesures de réforme, en mettant l’accent sur les mesures ciblées en faveur des populations les plus laissées-pour-compte et en promouvant les droits humains, l’égalité entre les sexes et l’inclusion sociale.)
C22: 6.3 | D22: Le gouvernement a-t-il mis en place des mécanismes visant à promouvoir l'engagement des parties prenantes dans la cohérence des politiques au service du développement durable à différents niveaux de gouvernance, afin de faire progresser les meilleures pratiques et d'encourager l'apprentissage entre pairs ? Par exemple, engagement dans le cadre de campagnes mondiales ou nationales, de dialogues politiques, de processus intergouvernementaux, d'initiatives de renforcement des capacités et de mobilisation sociale. | E22: Aucun mécanisme n’est en place, et aucun plan ou projet formel n’existe pour en élaborer. | F22: Aucun mécanisme n’est encore en place ; toutefois, des plans formels existent ou ils sont en cours d’élaboration. | G22: Le gouvernement dispose de mécanismes de collaboration avec diverses parties prenantes pour mener des initiatives visant à sensibiliser le public, mobiliser le soutien et plaider en faveur de la cohérence des politiques pour le développement durable à différents niveaux de gouvernance, mais ces mécanismes ne sont pas mis en œuvre. (Par exemple, ces initiatives n’ont pas été déployées auprès du public, en raison de facteurs tels qu’un manque de volonté politique, des ressources insuffisantes, des lacunes normatives ou un engagement insuffisant.) | H22: Le gouvernement dispose de mécanismes de collaboration avec diverses parties prenantes pour mener des initiatives visant à sensibiliser le public, mobiliser le soutien et plaider en faveur de la cohérence des politiques pour le développement durable à différents niveaux de gouvernance, mais ces mécanismes ne sont que partiellement mis en œuvre. (Par exemple, plusieurs facteurs peuvent limiter la mise en œuvre, tels qu’un manque de volonté politique, des lacunes normatives ou un engagement insuffisant des parties prenantes.) | I22: Le gouvernement collabore avec diverses parties prenantes sur des initiatives visant à sensibiliser le public, mobiliser le soutien et plaider en faveur de la cohérence des politiques pour le développement durable à différents niveaux de gouvernance, et ces mécanismes sont pleinement mis en œuvre, couvrant tous les aspects pertinents de la gouvernance. (Par exemple, le gouvernement collabore avec les parties prenantes pour favoriser leur engagement dans un large éventail d’initiatives sur les questions de développement durable. Des campagnes spécifiques ont été conçues et mises en œuvre pour créer un consensus sur les priorités visant à améliorer la cohérence des politiques pour le développement durable, et elles ont été promues dans des enceintes internationales afin de diffuser les bonnes pratiques et d’encourager l’apprentissage entre pairs.)
B23: 7. Analyse d'impact | C23: 7.1 | D23: Le gouvernement dispose-t-il de mécanismes ou d'outils permettant d'évaluer régulièrement l'impact des politiques afin d'identifier les effets positifs et négatifs sur le développement durable ? Par exemple, des outils bien établis tels que l'analyse coûts-avantages, les cadres d'indicateurs permettant de suivre l'efficacité des politiques, ou d'autres outils tels que les évaluations réglementaires, environnementales, sociales, d'impact sur le genre et stratégiques sont régulièrement utilisés dans tous les secteurs gouvernementaux pour évaluer et aligner les politiques sur les objectifs de développement durable. | E23: Aucun mécanisme ou outil n’est en place, et aucun plan ou projet formel n’existe pour en élaborer. | F23: Aucun mécanisme ou outil n’est encore en place ; toutefois, des plans formels existent ou ils sont en cours d’élaboration. | G23: Le gouvernement a mis en place des mécanismes ou outils pour réaliser régulièrement des analyses d’impact des politiques afin d’identifier leurs effets positifs et négatifs sur le développement durable, mais ils ne sont pas mis en œuvre. (Par exemple, ces mécanismes ou outils ne sont pas utilisés pour éclairer la prise de décision dans les processus de planification et d’élaboration des politiques, en raison d’un manque de capacités, de ressources ou de formation, ou de lacunes normatives.) | H23: Le gouvernement a mis en place des mécanismes ou outils pour réaliser régulièrement des analyses d’impact des politiques afin d’identifier leurs effets positifs et négatifs sur le développement durable, mais ils ne sont que partiellement mis en œuvre. (Par exemple, plusieurs défis peuvent freiner la mise en œuvre complète, tels qu’un manque de capacités, de ressources ou de formation, ou des lacunes normatives | I23: Le gouvernement a mis en place des mécanismes ou outils pour réaliser régulièrement des analyses d’impact des politiques afin d’identifier leurs effets positifs et négatifs sur le développement durable, et ceux-ci sont pleinement mis en œuvre, couvrant tous les aspects pertinents de la gouvernance. (Par exemple, le gouvernement a intégré les principes du développement durable dans les analyses d’impact réglementaire, en les rendant obligatoires pour toute proposition législative émanant des ministères. Les données disponibles sont utilisées pour mesurer les impacts et éclairer les décisions sur l’allocation des ressources, l’amélioration des performances, les ajustements d’incitations et la réduction des coûts. Cela crée une boucle de rétroaction importante pour les phases de conception et de mise en œuvre des politiques. Des capacités techniques et des compétences méthodologiques suffisantes ont été développées pour faciliter l’utilisation de ces outils d’analyse d’impact.)
C24: 7.2 | D24: Le gouvernement a-t-il mis en place des évaluations ex ante et ex post de l'incidence des politiques qui tiennent compte des incidences transfrontalières ? Par exemple, des outils établis tels que l'analyse coûts-avantages, les évaluations des incidences transfrontalières, les consultations multipartites, les cadres d'indicateurs ou d'autres outils sont régulièrement utilisés dans tous les secteurs gouvernementaux pour évaluer les incidences transfrontalières des politiques sur le développement durable. | E24: Aucune analyse d’impact ex ante et ex post tenant compte des incidences transfrontières n’est en place, et aucun plan ou projet formel n’existe pour en élaborer. | F24: Aucune analyse d’impact ex ante et ex post tenant compte des incidences transfrontières n’est encore en place ; toutefois, des plans formels existent ou elles sont en cours d’élaboration. | G24: Le gouvernement a établi des analyses d’impact ex ante et ex post tenant compte des incidences transfrontières, mais celles-ci ne sont pas mises en œuvre. (par exemple, ces mécanismes ou outils ne sont pas utilisés pour éclairer la prise de décision dans les processus de planification et d’élaboration des politiques, en raison d’un manque de capacités, de ressources ou de formation, ou de lacunes normatives.) | H24: Le gouvernement a établi des analyses d’impact ex ante et ex post tenant compte des incidences transfrontières, mais elles ne sont que partiellement mises en œuvre. (par exemple, plusieurs défis peuvent freiner la mise en œuvre complète, tels qu’un manque de capacités, de ressources ou de formation, ou des lacunes normatives.) | I24: Le gouvernement a établi des analyses d’impact ex ante et ex post tenant compte des incidences transfrontières, et celles-ci sont pleinement mises en œuvre, couvrant tous les aspects pertinents de la gouvernance. (Par exemple, des outils établis tels que les évaluations des incidences transfrontières, les cadres d’analyse des effets de débordement ou les consultations multipartites sont utilisés pour évaluer régulièrement les implications internationales des politiques publiques. Ces mécanismes sont utilisés de manière efficace pour éclairer la prise de décision dans les processus de planification et d’élaboration des politiques.)
C25: 7.3 | D25: Le gouvernement a-t-il mis en place des mécanismes pour renforcer les capacités de la fonction publique à collecter et analyser des données sur l'impact des différentes politiques, lois ou réglementations sur le développement durable ? Par exemple, une formation conçue pour permettre aux fonctionnaires d'aborder de manière stratégique les impacts positifs et négatifs des politiques, lois ou réglementations sur le développement durable. | E25: Aucun mécanisme n’est en place, et aucun plan ou projet formel n’existe pour en élaborer. | F25: Aucun mécanisme n’est encore en place ; toutefois, des plans formels existent ou ils sont en cours d’élaboration. | G25: Le gouvernement dispose de mécanismes pour renforcer les capacités de la fonction publique afin de collecter et d’analyser des données sur la manière dont différentes politiques, lois ou réglementations affectent le développement durable, mais ces mécanismes n’ont pas été mis en œuvre ou diffusés auprès des agents publics. (Par exemple, ces initiatives n’ont pas été déployées en raison d’un manque de volonté politique, de ressources insuffisantes, de lacunes normatives ou d’un engagement inadéquat.) | H25: Le gouvernement dispose de mécanismes pour renforcer les capacités de la fonction publique afin de collecter et d’analyser des données sur la manière dont différentes politiques, lois ou réglementations affectent le développement durable, mais ces mécanismes n’ont été que partiellement mis en œuvre ou diffusés auprès des agents publics. (Par exemple, plusieurs défis peuvent freiner la mise en œuvre complète, tels que des contraintes de ressources ou un manque de volonté politique.) | I25: Le gouvernement dispose de mécanismes pour renforcer les capacités de la fonction publique afin de collecter et d’analyser des données sur la manière dont différentes politiques, lois ou réglementations affectent le développement durable, et ces initiatives ont été pleinement mises en œuvre et diffusées auprès des agents publics. (Par exemple, des formations conçues pour permettre aux agents publics de traiter de manière stratégique les impacts positifs et négatifs des politiques sur le développement durable sont proposées à l’ensemble du personnel concerné. Des cadres de compétences ont été élaborés pour identifier et renforcer les compétences adéquates des agents publics, afin qu’ils soient en mesure de contribuer efficacement à la réalisation des objectifs nationaux en matière de développement durable.)
B26: 8. Suivi, reddition de comptes et évaluation | C26: 8.1 | D26: Le gouvernement dispose-t-il de systèmes de gestion de l'information ou de mécanismes similaires permettant d'identifier et de centraliser de manière cohérente les données, les indicateurs et/ou autres informations nécessaires au suivi des progrès en matière de développement durable ? Par exemple, centraliser les données, indicateurs et informations fiables existants afin de surveiller les externalités économiques, sociales et environnementales imposées au-delà des frontières nationales (incidences transfrontalières). | E26: Aucun système de gestion de l’information ni mécanisme similaire n’est en place, et aucun plan ou projet formel n’existe pour en élaborer. | F26: Aucun système de gestion de l’information ni mécanisme similaire n’est encore en place ; toutefois, des plans formels existent ou ils sont en cours d’élaboration. | G26: Des systèmes de gestion de l’information ou des mécanismes similaires existent, et le gouvernement a identifié et centralisé des données, indicateurs et/ou autres informations pour suivre les progrès en matière de développement durable, mais ces systèmes ne sont pas encore pleinement mis en œuvre. (Par exemple, les indicateurs n’ont pas encore été renseignés avec des données à jour, ou ne sont pas largement accessibles aux agents publics ; des lacunes normatives persistent ; ou les systèmes/mécanismes ne sont pas encore opérationnels.) | H26: Des systèmes de gestion de l’information ou des mécanismes similaires existent, et le gouvernement a identifié et centralisé des données, indicateurs et/ou autres informations pour suivre les progrès en matière de développement durable, mais ils ne sont que partiellement mis en œuvre. (Par exemple, certains facteurs peuvent empêcher la mise en œuvre complète, comme un manque de données ou d’indicateurs, ou un manque de sensibilisation ou de formation permettant aux agents publics d’accéder au système ; des lacunes normatives persistent ; ou les systèmes/mécanismes ne sont pas encore pleinement opérationnels.) | I26: Des systèmes de gestion de l’information ou des mécanismes similaires existent, et le gouvernement a identifié des données, indicateurs et/ou autres informations pour suivre les incidences transfrontières. Ces mécanismes sont pleinement mis en œuvre, couvrant tous les aspects pertinents de la gouvernance. (Par exemple, le gouvernement a identifié des données et indicateurs fiables et actuels pour suivre efficacement les progrès en matière de développement durable. Les systèmes de gestion de l’information ou leurs mécanismes permettent de rendre publiques, accessibles et comparables les données centralisées et harmonisées sur le développement durable. Cela peut inclure des indicateurs utilisés pour suivre les tendances liées aux flux de revenus et de ressources qui influencent le bien-être des populations dans d’autres pays, par exemple en matière de commerce et d’aide (aide publique au développement, envois de fonds, importations de biens) ou d’environnement et de ressources (importations d’énergies fossiles, de métaux, empreintes de gaz à effet de serre).)
C27: 8.2 | D27: Le gouvernement dispose-t-il de mécanismes permettant de rendre compte régulièrement et de manière transparente aux instances nationales compétentes (par exemple, le Parlement, les ministères ou d'autres instances) des progrès accomplis en matière de CPDD ? Par exemple, des rapports réguliers au parlement, aux ministères ou à d'autres instances sur les progrès réalisés en matière de CPDD. Les informations sur les progrès réalisés peuvent également être incluses dans les examens nationaux volontaires (ENV) et dans les rapports sur les activités de coopération au développement. | E27: Aucun mécanisme n’est en place, et aucun plan ou projet formel n’existe pour en élaborer. | F27: Aucun mécanisme de reddition de comptes n’est encore en place ; toutefois, des plans formels existent ou ils sont en cours d’élaboration. | G27: Des mécanismes de reddition de comptes existent pour assurer la publication régulière de comptes rendus aux instances nationales concernées, mais ils ne sont pas mis en œuvre. (Par exemple, l’information n’est pas communiquée en raison de procédures bureaucratiques longues, d’une collecte de données insuffisante ou de lacunes normatives.) | H27: Des mécanismes de reddition de comptes existent pour assurer la publication régulière de comptes rendus aux instances nationales concernées, mais ils ne sont que partiellement mis en œuvre. (Par exemple, plusieurs défis peuvent freiner la mise en œuvre complète, tels que la lourdeur administrative, un manque de collecte régulière de données ou des lacunes normatives.) | I27: Des mécanismes de reddition de comptes existent pour assurer la publication régulière de comptes rendus aux instances nationales concernées, et ils sont pleinement mis en œuvre, couvrant tous les aspects pertinents de la gouvernance. (Par exemple, des comptes rendus destinés au Parlement, aux instances ministérielles ou à d’autres organes, ainsi qu’au grand public, sur les progrès réalisés en matière de CPDD, sont régulièrement publiés. Ils présentent les avancées dans la réalisation des priorités politiques et expliquent comment les politiques sont mises en œuvre concernant les enjeux de développement durable.)
C28: 8.3 | D28: Est-ce que le gouvernement a mis en place des mécanismes pour s'assurer que les résultats du CPDD sont régulièrement évalués et utilisés pour prendre des mesures adaptatives, notamment en ce qui concerne les synergies et les arbitrages possibles entre les politiques sectorielles ? Par exemple, les systèmes d'évaluation évaluent systématiquement la cohérence des politiques avec les différentes priorités et politiques sectorielles, fournissant ainsi des informations exploitables aux décideurs politiques. | E28: Aucun mécanisme n’est encore en place ; toutefois, des plans formels existent ou ils sont en cours d’élaboration. | F28: There are no mechanisms in place; however, there are formal plans to develop them, or they are currently under development. | G28: Les mécanismes d'évaluation de la CPDD, y compris les synergies et les arbitrages possibles entre les politiques sectorielles, sont en place, mais ils ne sont pas mis en œuvre ni utilisés pour éclairer la prise de décision. (Par exemple, ces systèmes d'évaluation ne sont pas appliqués en raison de leur charge administrative, d'un manque de données ou parce que leurs conclusions ne sont pas communiquées aux décideurs, des lacunes normatives persistent ou les mécanismes ne sont pas encore utilisés pour prendre des mesures adaptatives.) | H28: Les mécanismes d'évaluation de la CPDD, y compris les synergies et les arbitrages potentiels entre les politiques sectorielles, sont en place, mais ils ne sont que partiellement mis en œuvre et utilisés pour éclairer la prise de décision et garantir la prise de mesures adaptatives. (Plusieurs défis pourraient entraver la mise en œuvre complète. Il peut s'agir notamment de la charge administrative, des capacités techniques limitées ou du manque de données, de lacunes normatives persistantes ou du fait que les mécanismes ne sont pas encore pleinement utilisés pour prendre des mesures d'adaptation). | I28: Les mécanismes d'évaluation de la CPDD, y compris les synergies et les arbitrages possibles entre les politiques sectorielles, sont en place et pleinement mis en œuvre afin de garantir que les conclusions soient utilisées pour éclairer la prise de décision et que des mesures adaptatives soient prises. (Par exemple, ces systèmes d'évaluation sont utilisés de manière systématique pour informer les décideurs, en tant que partie intégrante du cycle politique, et s'appuient sur des données et des capacités suffisantes ainsi que sur des dispositions normatives.)

Sheet P2
B2: Tableau P2 : Fiche d’information complémentaire
B4: Informations générales
B6: Pays :
B8: Institution de contact :
B10: Personne de contact :
B12: Adresse électronique :
B16: 1. Veuillez indiquer toute information supplémentaire pouvant faciliter l’interprétation de vos données, telle que les définitions nationales, les méthodes d’enquête, les déclarations sur la qualité des données, etc.
B19: 2. Veuillez décrire les difficultés rencontrées lors du remplissage du questionnaire.
B22: 3. Veuillez formuler toute recommandation supplémentaire pour améliorer le questionnaire.
B25: 4. Afin de permettre à d’autres pays de bénéficier de votre expérience, le PNUE et l’OCDE souhaitent publier ce questionnaire accompagné de vos commentaires nationaux. Veuillez indiquer si vous vous opposez à la publication du questionnaire sur les sites Internet du PNUE et de l’OCDE. En l’absence de réponse à cette question, le pays sera réputé avoir donné son accord pour la publication des résultats.

Sheet Lists
A1: Pays | B1: Réponses | C1: Points | F1: Liste de questions
A2: Afghanistan | G2: Non mis en place | H2: En cours de développement | I2: Mis en place, mais non mis en œuvre | J2: Mis en place, partiellement mis en œuvre | K2: Mis en place, pleinement mis en œuvre | L2: In place, fully implemented
A3: Afrique du Sud | B3: Non mis en place | C3: 0 | F3: 1.1 | G3: Il n’existe aucune déclaration politique claire, et aucun plan ou projet n’est prévu pour l’inclure dans les documents stratégiques, politiques ou législatifs nationaux. | H3: Il n’existe pas encore de déclaration politique claire ; toutefois, des plans formels existent pour en développer une et l’inclure dans des documents stratégiques, politiques ou législatifs nationaux, y compris au niveau sectoriel, ou elle est en cours de développement. (Par exemple, un nouveau document stratégique national ou une mise à jour en cours, une politique ou une loi contenant un engagement explicite en faveur de la CPDD). | I3: Il existe une déclaration politique claire au plus haut niveau du gouvernement témoignant d’un engagement en faveur de la CPDD, mais celle-ci n’est pas mise en œuvre. (Par exemple, l'engagement en faveur de la PCSD se reflète dans les stratégies sectorielles, les politiques ou les lois, mais il n'existe pas de plans d'action, de domaines prioritaires, ou de rôles et des responsabilités institutionnels pour le soutenir. Les activités menées ne traduisent pas efficacement l'engagement en faveur de la PCSD en actions concrètes.) | J3: Il existe une déclaration politique claire au plus haut niveau du gouvernement témoignant d’un engagement en faveur de la CPDD, mais son niveau de mise en œuvre est incomplet. (Par exemple, certains éléments peuvent faire défaut, empêchant la mise en œuvre complète de l'engagement envers la PCSD. Cela peut être dû à des mandats, des rôles et des responsabilités de surveillance peu clairs, à un financement, des capacités ou des données insuffisants, à des contraintes réglementaires, à des lacunes normatives ou à des processus bureaucratiques longs.) | K3: Il existe une déclaration politique claire au plus haut niveau du gouvernement démontrant un engagement en faveur de la CPDD, mise en œuvre dans tous les aspects pertinents de la gouvernance. (Par exemple, le gouvernement a fait une déclaration politique claire au plus haut niveau, démontrant son engagement en faveur de la CPDD. Les dirigeants politiques promeuvent activement la CPDD et soutiennent les objectifs de développement durable, en veillant à ce que les politiques, les lois et les dispositions institutionnelles soient alignées sur ces objectifs, y compris au niveau sectoriel, le cas échéant. Cet engagement se traduit par des mécanismes et des actions concrets dans tous les secteurs et toutes les politiques concernés. Cela comprend l'intégration de la PCSD dans les politiques et les cadres législatifs pertinents, la planification stratégique et les activités opérationnelles, afin de favoriser une culture de la durabilité dans l'ensemble du gouvernement. Les parties prenantes sont impliquées, le soutien du public est mobilisé et des mécanismes de suivi et d'évaluation solides sont en place pour suivre les progrès et garantir la responsabilité.)
A4: Albanie | B4: En cours de développement | C4: 1 | F4: 1.2 | G4: Aucun domaine prioritaire national clair n’a été défini, et aucun plan ou projet n’existe en ce sens. | H4: Aucun domaine prioritaire national clair n’a encore été défini ; toutefois, des plans formels existent ou sont en cours d’élaboration. (Par exemple, un nouveau document stratégique national ou une mise à jour en cours, une politique ou une loi contenant un engagement explicite en faveur de la CPDD.) | I4: Le gouvernement a défini des domaines prioritaires progresser en matière de CPDD, mais aucune action spécifique n’a encore été entreprise pour les mettre en œuvre. (Par exemple, aucune mesure concrète n'a été prise pour traiter les domaines prioritaires visant à faire progresser la PCSD dans les stratégies sectorielles, les politiques ou les réglementations. Ou bien, les mesures prises n'ont pas permis de traiter efficacement ces domaines prioritaires.) | J4: Le gouvernement a défini des domaines prioritaires nationaux clairs pour progresser en matière de CPDD, mais le niveau de mise en œuvre est incomplet. (Par exemple, certains facteurs peuvent empêcher la mise en œuvre complète. Il peut s'agir d'un financement insuffisant, d'un manque de capacités, de données, d'approches institutionnelles cloisonnées, de lacunes normatives ou réglementaires, y compris au niveau sectoriel, ou de processus bureaucratiques longs.) | K4: Le gouvernement a défini des domaines prioritaires nationaux clairs pour progresser en matière de CPDD, et ceux-ci sont mis en œuvre en couvrant tous les aspects pertinents de la gouvernance. (Par exemple, les priorités définies sont intégrées dans les politiques sectorielles, les stratégies et les plans d'action assortis de délais, guidant les efforts visant à atteindre les objectifs de développement durable, en tirant parti des synergies entre les secteurs et en tenant compte des incidences transfrontalières potentielles des politiques. Il existe une coordination active entre les secteurs afin d'aligner les initiatives sur ces priorités, favorisant ainsi une approche intégrée dans l'ensemble du gouvernement.)
A5: Algérie | B5: Mis en place, mais non mis en œuvre | C5: 2 | F5: 1.3 | G5: Aucun rôle ni responsabilité institutionnel clair n’a été défini, et aucun plan ou projet n’est prévu en ce sens. | H5: Aucun rôle ni responsabilité institutionnel clair n’a encore été défini ; toutefois, des plans formels existent ou sont en cours d’élaboration. (Par exemple, des changements à venir dans les structures gouvernementales ; création ou réforme d’organismes avec un mandat explicite pour renforcer la CPDD au sein du gouvernement.) | I5: Le gouvernement a défini des rôles et responsabilités institutionnels clairs, mais ceux-ci ne sont pas encore mis en œuvre. (Par exemple, obstacles tels qu’un financement insuffisant, des contraintes de capacité, des lourdeurs réglementaires, des lacunes normatives, une volonté politique insuffisante, des problèmes de coordination ou un manque d’engagement des parties prenantes.) | J5: Le gouvernement a défini des rôles et responsabilités institutionnels, mais leur mise en œuvre reste partielle. (Par exemple, mise en œuvre limitée par manque de ressources humaines, techniques ou financières, résistance institutionnelle, absence de collaboration interministérielle, lacunes réglementaires, ou insuffisance de formations pour le personnel impliqué.) | K5: Le gouvernement a défini des rôles et responsabilités institutionnels clairs, pleinement mis en œuvre dans tous les aspects pertinents de la gouvernance. (Par exemple, institution de tutelle a été créée avec un mandat explicite pour promouvoir et superviser la CPDD. Son rôle est bien connu à travers les différents ministères, secteurs et niveaux de gouvernement.)
A6: Allemagne | B6: Mis en place, partiellement mis en œuvre | C6: 3 | F6: 2.1 | G6: Il n’existe aucune vision stratégique à long terme pour le développement durable, et aucun plan ou projet n’est prévu pour en élaborer une. | H6: Il n’existe pas encore de vision stratégique à long terme pour le développement durable ; toutefois, des plans formels sont prévus ou elle est en cours d’élaboration. (Par exemple, une future déclaration de vision, stratégie ou politique nationale à long terme visant à identifier, prévenir et atténuer les effets négatifs des décisions sur le bien-être et le développement durable des générations futures.) | I6: Le gouvernement a élaboré et adopté officiellement une vision stratégique à long terme pour le développement durable afin de renforcer la cohérence des politiques, mais celle-ci n’est pas encore mise en œuvre. (Par exemple, les stratégies et politiques sectorielles ne reprennent pas les éléments clés de la vision à long terme et ne définissent pas d’objectifs clairs pour identifier ou réduire les impacts négatifs sur les générations futures.) | J6: Le gouvernement a élaboré une vision stratégique à long terme pour le développement durable afin de renforcer la cohérence des politiques, mais son niveau de mise en œuvre est incomplet. (Plusieurs défis pourraient entraver la mise en œuvre complète. Par example, l’intégration dans les politiques sectorielles est limitée, les objectifs mal définis, la participation des parties prenantes restreinte, le suivi inadéquat, ou des contraintes de capacités, lacunes normatives ou une faible sensibilisation freinent la mise en œuvre.) | K6: Le gouvernement a élaboré une vision stratégique à long terme pour le développement durable afin de renforcer la cohérence des politiques, pleinement mise en œuvre dans tous les aspects pertinents de la gouvernance. (Par exemple, une vision ou une stratégie à long terme est mise en place afin de définir des objectifs et des cibles à long terme en matière de développement durable et d'orienter la prise de décision à court terme afin de prendre en compte le bien-être et le développement durable des générations futures. Cette vision stratégique est intégrée dans toutes les stratégies et politiques sectorielles pertinentes et se traduit par des actions concrètes visant à identifier, prévenir et atténuer les impacts négatifs potentiels sur les générations futures. Ce processus implique la participation des parties prenantes, l'obtention du soutien législatif et public, et l'élaboration de cadres de suivi et d'évaluation solides.)
A7: Andorre | B7: Mis en place, pleinement mis en œuvre | C7: 4 | F7: 2.2 | G7: Aucun outil de planification stratégique à long terme n’est en place, et aucun plan ou projet n’existe pour en développer. | H7: Aucun outil n’est encore en place ; toutefois, des plans formels existent ou sont en cours d’élaboration. (Par exemple, la création prévue d’unités de prospective stratégique, l’adaptation des outils existants d’évaluation d’impact, ou le développement de formations liées à la planification à long terme ou aux approches systémiques.) | I7: Le gouvernement a élaboré des outils de planification stratégique à long terme, mais ils ne sont pas encore mis en œuvre. (Par exemple, des contraintes de ressources, un manque de volonté politique, une résistance institutionnelle, une formation insuffisante, la complexité des outils ou des lacunes normatives freinent leur mise en œuvre.) | J7: Le gouvernement utilise des outils de planification stratégique à long terme, mais ceux-ci ne sont que partiellement mis en œuvre. (Par exemple, plusieurs obstacles peuvent freiner la mise en œuvre : contraintes de ressources, manque de soutien politique, résistance institutionnelle, lacunes normatives, formation insuffisante, etc.) | K7: Le gouvernement utilise des outils de planification stratégique à long terme pour renforcer la cohérence des politiques, pleinement mis en œuvre dans tous les aspects pertinents. (Par exemple, le gouvernement utilise couramment des outils de planification stratégique à long terme (tels que les évaluations d'impact, la prospective stratégique, l'élaboration de scénarios, les outils de modélisation intégrée ou les approches systémiques) pour formuler et mettre en œuvre des stratégies et des politiques. Ces outils permettent d'identifier, de prévenir et d'atténuer les impacts négatifs potentiels sur le bien-être et le développement durable des générations futures. Ils sont utilisés de manière proactive pour éclairer l'élaboration des politiques et la prise de décision.)
A8: Angola | F8: 2.3 | G8: Aucun mécanisme ou dispositif institutionnel n’est en place, et aucun plan ou projet n’existe pour en créer. | H8: Aucun dispositif n’est encore en place ; toutefois, des plans formels existent ou ils sont en cours d’élaboration. (Par exemple, la création prochaine d'un organisme dédié ou indépendant, tel que les commissions nationales pour le développement durable, des organismes indépendants, un commissaire, un conseil ou un médiateur pour les générations futures, doté d'un mandat spécifique visant à renforcer la CPDD au-delà des mandats gouvernementaux et des cycles électoraux, afin d'assurer la continuité des efforts en matière de CPDD entre les différentes administrations.) | I8: Le gouvernement a mis en place des dispositifs institutionnels dédiés, mais leurs tâches n’ont pas encore été mises en œuvre. (Plusieurs défis pourraient entraver la mise en œuvre . Par exemple, les mandats peuvent être flous ; des contraintes de ressources, un manque de volonté politique, une résistance institutionnelle, une faible participation des parties prenantes, des lacunes normatives ou un faible soutien public peuvent freiner la mise en œuvre.) | J8: Des dispositifs sont en place, mais leur mise en œuvre est partielle. (Par exemple, leur mise en œuvre peut être limitée par l’ingérence politique, des ressources insuffisantes, une coordination inefficace entre ministères, une opposition publique, des cadres juridiques complexes ou des faiblesses dans le suivi et l’évaluation.) | K8: Le gouvernement a mis en place des dispositifs ou mécanismes institutionnels spécifiques pour soutenir une vision à long terme de la CPDD. Leurs missions sont mises en œuvre de manière exhaustive et couvrent tous les aspects pertinents de la gouvernance. (Par exemple, le gouvernement a créé un organisme spécialisé doté d'un mandat clair et de ressources suffisantes pour garantir que son engagement en faveur de la CPDD dépasse le cadre des cycles électoraux et des mandats gouvernementaux. Cet organisme a des objectifs clairs, dispose de ressources adéquates et favorise une communication efficace, un leadership fort, l'engagement des parties prenantes et la coordination entre les ministères ou départements. Il dispose également de systèmes de suivi et d'évaluation solides et fait preuve de souplesse pour s'adapter à l'évolution des circonstances.)
A9: Antigua-et-Barbuda | F9: 3.1 | G9: Aucun processus budgétaire n’est en place, et aucun plan ou projet n’existe pour en développer un. | H9: Aucun processus budgétaire n’est encore en place ; toutefois, des plans formels existent ou il est en cours d’élaboration. (Par exemple, l’introduction prochaine de nouvelles directives pour préparer le budget annuel afin d’intégrer le développement durable dans les politiques sectorielles, ou l’adoption de nouvelles pratiques telles que la codification et le marquage ODD, la budgétisation axée sur les résultats alignés sur les ODD, et le lien entre le processus de budgétisation stratégique et les ODD.) | I9: Le gouvernement a élaboré un processus budgétaire pour intégrer le développement durable dans les politiques sectorielles et pour gérer les synergies et arbitrages entre les domaines économique, social et environnemental, mais celui-ci n’est pas encore mis en œuvre. (Par exemple, plusieurs facteurs peuvent entraver la mise en œuvre, notamment la complexité de l'intégration de la durabilité dans les cadres existants, l'équilibre entre l'allocation des ressources entre des objectifs concurrents, la nécessité de renforcer les capacités au sein des institutions, la nécessité d'une volonté et d'un engagement politiques forts, les lacunes normatives et les contraintes financières.) | J9: Le gouvernement a élaboré un processus budgétaire pour intégrer le développement durable dans les politiques sectorielles et pour gérer les synergies et arbitrages entre les domaines économique, social et environnemental, mais sa mise en œuvre reste partielle. (Par exemple, les défis incluent la complexité de l’intégration des priorités de développement durable dans les cadres existants, les difficultés de collecte de données, la répartition des ressources entre objectifs concurrents, des capacités institutionnelles limitées, un manque de volonté politique, des lacunes normatives ou des contraintes financières.) | K9: Le gouvernement a mis en place un processus budgétaire visant à intégrer le développement durable dans les politiques sectorielles et à prendre en compte les synergies et les compromis entre les domaines économiques, sociaux et environnementaux. Les considérations liées à la durabilité sont intégrées à toutes les étapes du processus budgétaire. (Par exemple, le développement durable est intégré de manière efficace dans les politiques sectorielles par le biais du processus budgétaire (par exemple, la formulation, l'approbation, l'exécution et le contrôle du budget), en favorisant les synergies entre les différents secteurs politiques, en équilibrant stratégiquement l'allocation des ressources entre les objectifs économiques, sociaux et environnementaux, et en encourageant la collaboration et la coordination entre les ministères et les agences gouvernementales).
A10: Arabie saoudite | F10: 3.2 | G10: Aucun mécanisme ou outil n’est en place, et aucun plan ou projet n’existe pour en développer. | H10: Aucun mécanisme ou outil n’est encore en place ; toutefois, des plans formels existent ou ils sont en cours d’élaboration. | I10: Le gouvernement a élaboré des mécanismes et outils pour intégrer le développement durable dans les plans sectoriels et financiers des ministères sectoriels chefs de file, mais ils ne sont pas encore mis en œuvre. (par exemple, un financement limité, des contraintes de capacités, un manque de données, des problèmes de coordination, un déficit de volonté politique ou des lacunes normatives peuvent freiner la mise en œuvre.) | J10: Le gouvernement a mis au point des mécanismes et des outils spécifiques pour intégrer le développement durable dans les plans sectoriels et financiers des ministères concernés. Cependant, ces mécanismes n'ont été que partiellement mis en œuvre. (Par exemple, plusieurs facteurs peuvent contribuer à une mise en œuvre partielle. Il peut s'agir d'un financement insuffisant, de contraintes de capacité, de lourdeurs administratives, de problèmes de coordination, de l'indisponibilité des données, de lacunes normatives, etc.) | K10: Le gouvernement a mis au point des mécanismes et des outils spécifiques pour intégrer le développement durable dans les plans sectoriels et financiers des ministères concernés. Ces mécanismes ont été mis en œuvre de manière exhaustive, couvrant tous les aspects pertinents de la gouvernance. (Par exemple, des mécanismes et des outils bien établis ont permis d'intégrer les priorités du développement durable dans tous les secteurs et tous les plans financiers, contribuant ainsi à la réalisation effective des objectifs de développement durable. Ces mécanismes et outils favorisent également une culture de la durabilité à tous les niveaux et dans tous les secteurs du gouvernement, stimulant l'amélioration continue et l'innovation dans les pratiques de développement durable.)
A11: Argentine | F11: 3.3 | G11: Aucun mécanisme ou mesure n’est en place, et aucun plan ou projet n’existe pour en développer. | H11: Aucun mécanisme ou mesure n’est encore en place ; toutefois, des plans formels existent ou ils sont en cours d’élaboration. | I11: Le gouvernement a mis en place des mécanismes ou mesures pour promouvoir la mobilisation de ressources financières en soutien à la CPDD, mais ils ne sont pas encore mis en œuvre. (Par exemple, des contraintes de financement, de capacités, de coordination ou un engagement insuffisant des parties prenantes peuvent freiner la mise en œuvre.) | J11: Le gouvernement a mis en place des mécanismes ou mesures pour promouvoir la mobilisation de ressources financières en soutien à la CPDD, mais ils ne sont que partiellement mis en œuvre. (Par exemple, un financement insuffisant, un manque de capacités, des difficultés de coordination ou un engagement limité des parties prenantes peuvent limiter l’impact.) | K11: Le gouvernement a mis en place et appliqué des mécanismes et mesures pour promouvoir la mobilisation de ressources financières en soutien à la CPDD, couvrant tous les aspects pertinents de la gouvernance. (Par exemple, ces mécanismes ont permis de mettre en place des programmes spécifiques, de créer des incitations pour attirer les investissements privés, ou de développer des partenariats public-privé afin de mobiliser des financements pour le développement durable.)
A12: Arménie | F12: 4.1 | G12: Aucun mécanisme de coordination de haut niveau n’est en place, et aucun plan ou projet n’existe pour en créer. | H12: Aucun mécanisme de coordination de haut niveau n’est encore en place ; toutefois, des plans formels existent ou ils sont en cours d’élaboration. | I12: Le gouvernement a mis en place des mécanismes de coordination de haut niveau dotés de mandats clairs pour assurer une coordination à l’échelle de l’ensemble de l’administration en matière de CPDD, y compris au niveau sectoriel, mais ils ne sont pas encore mis en œuvre. (Par exemple, un manque de volonté politique, des lourdeurs administratives, des asymétries d’information, la résistance des parties prenantes, des intérêts acquis, la complexité de la coordination, des lacunes normatives ou un manque de redevabilité peuvent freiner la mise en œuvre.) | J12: Le gouvernement a mis en place des mécanismes de coordination de haut niveau dotés de mandats clairs pour assurer une coordination à l’échelle de l’ensemble de l’administration en matière de CPDD, y compris au niveau sectoriel, mais leur mise en œuvre reste partiell (Par exemple, des changements dans le leadership politique et les priorités, un manque de ressources techniques, des lacunes normatives, ainsi qu’une résistance bureaucratique ou de la part des parties prenantes peuvent limiter leur fonctionnement.) | K12: Le gouvernement dispose de mécanismes de coordination de haut niveau, dotés de mandats clairs, assurant une coordination à l’échelle de l’ensemble de l’administration en matière de CPDD, y compris au niveau sectoriel, et couvrant tous les aspects pertinents de la gouvernance. (Par exemple, un mécanisme de coordination de haut niveau fonctionne régulièrement pour soutenir la CPDD à l’échelle de l’ensemble de l’administration. Il dispose d’un mandat clair, de ressources suffisantes et de la capacité d’anticiper et de résoudre les divergences de politiques, y compris les impacts négatifs potentiels et les tensions liées à des priorités ou intérêts sectoriels divergents.)
A13: Australie | F13: 4.2 | G13: Aucune structure de gouvernance formelle ou canal informel n’existe, et aucun plan ou projet n’existe pour en créer. | H13: Aucune structure de gouvernance formelle ou canal informel n’existe encore ; toutefois, des plans formels existent ou ils sont en cours d’élaboration. | I13: Le gouvernement a mis en place des structures de gouvernance formelles ou des canaux informels pour soutenir la communication entre les ministères et départements sectoriels afin de renforcer la CPDD. Cependant, ces mécanismes n'ont pas encore été mis en œuvre. (Par exemple, plusieurs facteurs peuvent entraver la mise en œuvre, tels que la résistance au changement, le manque d'alignement avec la culture organisationnelle, les intérêts particuliers, l'insuffisance des ressources, la mauvaise communication, les lacunes normatives et les conditions externes défavorables comme l'instabilité politique ou les changements de gouvernement.) | J13: Le gouvernement a mis en place des structures de gouvernance formelles ou des canaux informels pour faciliter la communication entre les ministères et départements sectoriels afin d'améliorer la CPDD. Cependant, ces mécanismes n'ont été que partiellement mis en œuvre. (Par exemple, la mise en œuvre complète peut être entravée par la rigidité bureaucratique, le manque de souplesse, les contraintes en matière de ressources, une mauvaise communication, la résistance au changement, des lacunes normatives et des facteurs externes tels que l'instabilité politique ou les ralentissements économiques.) | K13: Le gouvernement a mis en place des structures de gouvernance formelles ou des canaux informels pour faciliter la communication entre les ministères et départements sectoriels afin d'améliorer la CPDD. Ces mécanismes ont été pleinement mis en œuvre et couvrent tous les aspects pertinents de la gouvernance. (Par exemple, la mise en place de ces structures et canaux a permis d'améliorer la collaboration, la coordination et le partage d'informations entre tous les secteurs du gouvernement. Cela a renforcé l'alignement des politiques sur les objectifs de développement durable et favorisé une culture d'amélioration continue et d'innovation dans l'administration publique.)
A14: Autriche | F14: 4.3 | G14: Aucun programme de renforcement des capacités ni ressource n’existe, et aucun plan ou projet n’existe pour en créer. | H14: Aucun programme de renforcement des capacités ni ressource n’existe encore ; toutefois, des plans formels existent ou ils sont en cours d’élaboration. | I14: Le gouvernement a développé des programmes de renforcement des capacités ou d’autres ressources pour renforcer la CPDD, mais ils ne sont pas encore mis en œuvre. (Par exemple, un financement insuffisant, des contraintes de capacités, des lourdeurs administratives, des problèmes de coordination, un manque de données ou des lacunes normatives peuvent en freiner la mise en œuvre.) | J14: Le gouvernement a développé des programmes de renforcement des capacités ou d’autres ressources pour renforcer la CPDD, mais leur mise en œuvre reste partielle. (Par exemple, un financement insuffisant, des contraintes de capacités, des lourdeurs administratives, des problèmes de coordination ou un engagement insuffisant peuvent limiter leur impact.) | K14: Le gouvernement a développé et pleinement mis en œuvre des programmes de renforcement des capacités ou d’autres ressources pour renforcer la CPDD, couvrant tous les aspects pertinents de la gouvernance. (Par exemple, des cadres de compétences ont été conçus pour cibler les connaissances et aptitudes transversales nécessaires à la cohérence des politiques. Des formations ont été développées et déployées auprès de tous les agents publics concernés.)
A15: Azerbaïdjan | F15: 5.1 | G15: Aucune disposition ni aucun mécanisme n’est en place, et aucun plan ou projet formel n’existe pour en élaborer. | H15: Aucune disposition ni aucun mécanisme n’est encore en place ; toutefois, des plans formels existent ou ils sont en cours d’élaboration. | I15: Des dispositions ou mécanismes existent pour aligner les plans, politiques, budgets ou cadres réglementaires nationaux et infranationaux pour le développement durable, mais ils ne sont pas mis en œuvre. (Par exemple, les Stratégies nationales de développement durable prévoient des actions pertinentes au niveau infranational, mais celles-ci ne sont pas déployées à travers des outils ou plans d’action, ni complétées par un suivi local des objectifs de développement durable. Les raisons peuvent inclure un manque de ressources, une absence de volonté politique, une résistance institutionnelle, une formation insuffisante, des cadres juridiques ou politiques complexes, des lacunes normatives ou un engagement insuffisant.) | J15: Des dispositions ou mécanismes existent pour aligner les plans, politiques, budgets et cadres réglementaires nationaux et infranationaux pour le développement durable, mais leur mise en œuvre reste partielle. (Par exemple, la pleine mise en œuvre peut être freinée par un manque de ressources, de volonté politique, par une résistance institutionnelle, une formation insuffisante, des cadres juridiques ou politiques complexes, des lacunes normatives ou un engagement insuffisant.) | K15: Des dispositions ou mécanismes existent pour aligner les plans, politiques, budgets et cadres réglementaires nationaux et infranationaux pour le développement durable, et ils sont pleinement mis en œuvre, couvrant tous les aspects pertinents de la gouvernance. (Par exemple, les Stratégies nationales de développement durable sont territorialisées au niveau infranational et complétées par des indicateurs locaux et des systèmes de suivi des objectifs de développement durable. Les bonnes pratiques et défis communs sont documentés, partagés et intégrés à tous les niveaux de gouvernement, ce qui favorise l’amélioration continue. Ces mécanismes servent effectivement à impliquer les niveaux infranationaux dans la CPDD et à promouvoir une action coordonnée sur les objectifs économiques, sociaux et environnementaux pertinents.)
A16: Bahamas | F16: 5.2 | G16: Aucune structure de gouvernance formelle ni aucun canal informel n’existe, et aucun plan ou projet formel n’existe pour en élaborer. | H16: Aucune structure de gouvernance formelle ni aucun canal informel n’existe encore ; toutefois, des plans formels existent ou ils sont en cours d’élaboration. | I16: Le gouvernement a mis en place des structures de gouvernance formelles ou des canaux informels pour soutenir la communication entre les niveaux national et infranational, mais ils ne sont pas mis en œuvre. (Par exemple, des plateformes de communication ont été créées mais ne sont pas actives, en raison d’un manque de volonté politique, de ressources insuffisantes, d’une résistance bureaucratique, d’une coordination déficiente, de lacunes normatives ou d’un engagement insuffisant.) | J16: Le gouvernement a mis en place des structures de gouvernance formelles ou des canaux informels pour soutenir la communication entre les niveaux national et infranational, mais leur mise en œuvre reste partielle. (Par exemple, la pleine mise en œuvre peut être entravée par un manque de volonté politique, de ressources, une résistance bureaucratique, une coordination déficiente, des lacunes normatives ou un engagement insuffisant.) | K16: Le gouvernement a mis en place des structures de gouvernance formelles ou des canaux informels pour soutenir la communication entre les niveaux national et infranational, et ils sont pleinement mis en œuvre, couvrant tous les aspects pertinents de la gouvernance. (Par exemple, des plateformes telles que des commissions interterritoriales sont en place pour recueillir les contributions des entités infranationales et initier des échanges formels entre niveaux de gouvernement. Ces mécanismes sont actifs et favorisent un échange ouvert d’idées et une réflexion innovante pour répondre aux objectifs politiques transversaux et faciliter un dialogue multi-niveaux sur les réussites et les défis persistants.)
A17: Bahreïn | F17: 5.3 | G17: Aucun mécanisme ni processus n’existe, et aucun plan ou projet formel n’existe pour en élaborer. | H17: Aucun mécanisme ni processus n’existe encore ; toutefois, des plans formels existent ou ils sont en cours d’élaboration. | I17: Le gouvernement a mis en place des mécanismes ou des processus visant à coordonner les actions nationales et infranationales dans le cadre d'initiatives internationales ou de coopération au développement au service du développement durable, mais ceux-ci ne sont pas mis en œuvre. (Par exemple, des services de conseil, réseaux ou orientations existent mais ne sont pas actifs ou ne sont pas utilisés par les entités infranationales.) | J17: Le gouvernement a mis en place des mécanismes ou processus pour coordonner l’action nationale et infranationale sur les initiatives internationales ou la coopération au service du développement durable, mais leur mise en œuvre reste partielle. (Par exemple, la pleine mise en œuvre peut être entravée par un manque de ressources, une résistance bureaucratique, une coordination insuffisante entre ministères ou départements, un engagement insuffisant ou des cadres juridiques complexes.) | K17: Le gouvernement a mis en place des mécanismes ou processus pour coordonner l’action nationale et infranationale sur les initiatives internationales ou la coopération au service du développement durable, et ils sont pleinement mis en œuvre, couvrant tous les aspects pertinents de la gouvernance. (Par exemple, les agences nationales fournissent des services de conseil, des réseaux ou des dispositifs de mise en relation pour les entités infranationales engagées dans des initiatives internationales ou la coopération pour le développement durable. Des partenariats multi-niveaux et multi-acteurs connectent les parties prenantes, facilitent l’échange de bonnes pratiques et assurent un appui adapté à la demande et au contexte local.)
A18: Bangladesh | F18: 6.1 | G18: Aucun mécanisme n’est en place, et aucun plan ou projet formel n’existe pour en élaborer. | H18: Aucun mécanisme n’est encore en place ; toutefois, des plans formels existent ou ils sont en cours d’élaboration. | I18: Les mécanismes participatifs sont en place pour permettre aux parties prenantes de s'associer à l'élaboration des politiques de développement durable dans le cadre d'une approche globale de la société, mais ils ne sont que partiellement mis en œuvre. (Par exemple, ces mécanismes n'ont pas été intégrés de manière régulière dans le cycle politique, ou les contributions ne sont pas systématiquement prises en compte dans la prise de décision pour la cohérence des politiques ou le développement durable, ou encore des lacunes normatives persistent.) | J18: Les mécanismes participatifs sont en place pour permettre aux parties prenantes de s'associer à l'élaboration des politiques de développement durable dans le cadre d'une approche globale de la société, mais ils ne sont que partiellement mis en œuvre. (Par exemple, plusieurs facteurs peuvent limiter la mise en œuvre. Il peut s'agir d'une volonté politique insuffisante, d'un engagement inadéquat des parties prenantes, de lacunes normatives ou d'un manque de ressources ou de capacités.) | K18: Les mécanismes participatifs sont en place pour associer les parties prenantes à l'élaboration des politiques de développement durable dans le cadre d'une approche globale de la société, ainsi qu'à la mise en œuvre des initiatives de la CPDD, et ces mécanismes sont pleinement mis en œuvre grâce à des approches participatives. (Par exemple, des forums et des occasions spécifiques sont prévus pour élaborer des recommandations visant à renforcer la cohérence des politiques et fournir des contributions analytiques et stratégiques sur le développement durable, appuyées par des dispositions normatives spécifiques. L'engagement concerne les représentants concernés de la société civile, du monde universitaire, du secteur privé et des syndicats et organisations patronales, en coordination avec les ministères. Les consultations doivent se dérouler de manière exhaustive à différentes étapes du cycle politique. Les informations préparatoires et les commentaires sur les résultats du processus sont communiqués aux parties prenantes concernées.)
A19: Barbade | F19: 6.2 | G19: Aucun mécanisme n’est en place, et aucun plan ou projet formel n’existe pour en élaborer. | H19: Aucun mécanisme n’est encore en place ; toutefois, des plans formels existent ou ils sont en cours d’élaboration. | I19: Les mécanismes participatifs sont en place pour permettre aux parties prenantes de s'associer à l'élaboration des politiques de développement durable dans le cadre d'une approche globale de la société, mais ils ne sont que partiellement mis en œuvre. (Par exemple, ces mécanismes n'ont pas été intégrés de manière régulière dans le cycle politique, ou les contributions ne sont pas systématiquement prises en compte dans la prise de décision pour la cohérence des politiques ou le développement durable, ou encore des lacunes normatives persistent.) | J19: Les mécanismes participatifs sont en place pour permettre aux parties prenantes de s'associer à l'élaboration des politiques de développement durable dans le cadre d'une approche globale de la société, mais ils ne sont que partiellement mis en œuvre. (Par exemple, plusieurs facteurs peuvent limiter la mise en œuvre. Il peut s'agir d'une volonté politique insuffisante, d'un engagement inadéquat des parties prenantes, de lacunes normatives ou d'un manque de ressources ou de capacités.) | K19: Les mécanismes participatifs sont en place pour associer les parties prenantes à l'élaboration des politiques de développement durable dans le cadre d'une approche globale de la société, ainsi qu'à la mise en œuvre des initiatives de la CPDD, et ces mécanismes sont pleinement mis en œuvre grâce à des approches participatives. (Par exemple, des forums et des occasions spécifiques sont prévus pour élaborer des recommandations visant à renforcer la cohérence des politiques et fournir des contributions analytiques et stratégiques sur le développement durable, appuyées par des dispositions normatives spécifiques. L'engagement concerne les représentants concernés de la société civile, du monde universitaire, du secteur privé et des syndicats et organisations patronales, en coordination avec les ministères. Les consultations doivent se dérouler de manière exhaustive à différentes étapes du cycle politique. Les informations préparatoires et les commentaires sur les résultats du processus sont communiqués aux parties prenantes concernées.)
A20: Bélarus | F20: 6.3 | G20: Aucun mécanisme n’est en place, et aucun plan ou projet formel n’existe pour en élaborer. | H20: Aucun mécanisme n’est encore en place ; toutefois, des plans formels existent ou ils sont en cours d’élaboration. | I20: Le gouvernement dispose de mécanismes de collaboration avec diverses parties prenantes pour mener des initiatives visant à sensibiliser le public, mobiliser le soutien et plaider en faveur de la cohérence des politiques pour le développement durable à différents niveaux de gouvernance, mais ces mécanismes ne sont pas mis en œuvre. (Par exemple, ces initiatives n’ont pas été déployées auprès du public, en raison de facteurs tels qu’un manque de volonté politique, des ressources insuffisantes, des lacunes normatives ou un engagement insuffisant.) | J20: Le gouvernement dispose de mécanismes de collaboration avec diverses parties prenantes pour mener des initiatives visant à sensibiliser le public, mobiliser le soutien et plaider en faveur de la cohérence des politiques pour le développement durable à différents niveaux de gouvernance, mais ces mécanismes ne sont que partiellement mis en œuvre. (Par exemple, plusieurs facteurs peuvent limiter la mise en œuvre, tels qu’un manque de volonté politique, des lacunes normatives ou un engagement insuffisant des parties prenantes.) | K20: Le gouvernement collabore avec diverses parties prenantes sur des initiatives visant à sensibiliser le public, mobiliser le soutien et plaider en faveur de la cohérence des politiques pour le développement durable à différents niveaux de gouvernance, et ces mécanismes sont pleinement mis en œuvre, couvrant tous les aspects pertinents de la gouvernance. (Par exemple, le gouvernement collabore avec les parties prenantes pour favoriser leur engagement dans un large éventail d’initiatives sur les questions de développement durable. Des campagnes spécifiques ont été conçues et mises en œuvre pour créer un consensus sur les priorités visant à améliorer la cohérence des politiques pour le développement durable, et elles ont été promues dans des enceintes internationales afin de diffuser les bonnes pratiques et d’encourager l’apprentissage entre pairs.)
... A26: Botswana | F26: 8.3 | G26: Aucun mécanisme n’est encore en place ; toutefois, des plans formels existent ou ils sont en cours d’élaboration. | H26: There are no mechanisms in place; however, there are formal plans to develop them, or they are currently under development. | I26: Les mécanismes d'évaluation de la CPDD, y compris les synergies et les arbitrages possibles entre les politiques sectorielles, sont en place, mais ils ne sont pas mis en œuvre ni utilisés pour éclairer la prise de décision. (Par exemple, ces systèmes d'évaluation ne sont pas appliqués en raison de leur charge administrative, d'un manque de données ou parce que leurs conclusions ne sont pas communiquées aux décideurs, des lacunes normatives persistent ou les mécanismes ne sont pas encore utilisés pour prendre des mesures adaptatives.) | J26: Les mécanismes d'évaluation de la CPDD, y compris les synergies et les arbitrages potentiels entre les politiques sectorielles, sont en place, mais ils ne sont que partiellement mis en œuvre et utilisés pour éclairer la prise de décision et garantir la prise de mesures adaptatives. (Plusieurs défis pourraient entraver la mise en œuvre complète. Il peut s'agir notamment de la charge administrative, des capacités techniques limitées ou du manque de données, de lacunes normatives persistantes ou du fait que les mécanismes ne sont pas encore pleinement utilisés pour prendre des mesures d'adaptation). | K26: Les mécanismes d'évaluation de la CPDD, y compris les synergies et les arbitrages possibles entre les politiques sectorielles, sont en place et pleinement mis en œuvre afin de garantir que les conclusions soient utilisées pour éclairer la prise de décision et que des mesures adaptatives soient prises. (Par exemple, ces systèmes d'évaluation sont utilisés de manière systématique pour informer les décideurs, en tant que partie intégrante du cycle politique, et s'appuient sur des données et des capacités suffisantes ainsi que sur des dispositions normatives.)
A27: Brésil
A28: Brunei Darussalam
A29: Bulgarie
A30: Burkina Faso
A31: Burundi
A32: Cabo Verde
A33: Cambodge
A34: Cameroun
A35: Canada
A36: Chili
A37: Chine
A38: Chypre
... A194: Zimbabwe

Sheet Points
A1: Niveau | B1: id | C1: Valuer
A2: Question | B2: 1.1 | C2: ='P1'!F5
A3: Question | B3: 1.2 | C3: ='P1'!F6
A4: Question | B4: 1.3 | C4: ='P1'!F7
A5: Question | B5: 2.1 | C5: ='P1'!F9
A6: Question | B6: 2.2 | C6: ='P1'!F10
A7: Question | B7: 2.3 | C7: ='P1'!F11
A8: Question | B8: 3.1 | C8: ='P1'!F13
A9: Question | B9: 3.2 | C9: ='P1'!F14
A10: Question | B10: 3.3 | C10: ='P1'!F15
A11: Question | B11: 4.1 | C11: ='P1'!F17
A12: Question | B12: 4.2 | C12: ='P1'!F18
A13: Question | B13: 4.3 | C13: ='P1'!F19
A14: Question | B14: 5.1 | C14: ='P1'!F21
A15: Question | B15: 5.2 | C15: ='P1'!F22
A16: Question | B16: 5.3 | C16: ='P1'!F23
A17: Question | B17: 6.1 | C17: ='P1'!F25
A18: Question | B18: 6.2 | C18: ='P1'!F26
A19: Question | B19: 6.3 | C19: ='P1'!F27
A20: Question | B20: 7.1 | C20: ='P1'!F29
A21: Question | B21: 7.2 | C21: ='P1'!F30
A22: Question | B22: 7.3 | C22: ='P1'!F31
A23: Question | B23: 8.1 | C23: ='P1'!F33
A24: Question | B24: 8.2 | C24: ='P1'!F34
A25: Question | B25: 8.3 | C25: ='P1'!F35
A26: Thème | B26: 1 | C26: =SUM(C2:C4) -> 0
A27: Thème | B27: 2 | C27: =SUM(C5:C7) -> 0
A28: Thème | B28: 3 | C28: =SUM(C8:C10) -> 0
A29: Thème | B29: 4 | C29: =SUM(C11:C13) -> 0
A30: Thème | B30: 5 | C30: =SUM(C14:C16) -> 0
A31: Thème | B31: 6 | C31: =SUM(C17:C19) -> 0
A32: Thème | B32: 7 | C32: =SUM(C20:C22) -> 0
A33: Thème | B33: 8 | C33: =SUM(C23:C25) -> 0
A34: Total | B34: _T | C34: =SUM(C26:C33) -> 0
